Cogmind - Beta 17 @@@ ROGUE MODE // 2026.08.17 @ 03:07:37 Player: Blaj Result: Destroyed by S-43 Plague with Heavy Machine Gun Performance ------------- Evolutions (9) 4500 Regions Visited (29) 5800 Robots Destroyed (553) 2765 Value Destroyed (27572) 27572 Prototype IDs (98) 1960 Alien Tech Used (8) 1600 Bonus (15987) 15987 TOTAL SCORE: 60184 Bonus ------- Triggered High Security 500 High Alert Combat Kills 6811 Follower Combat Kills 1350 Hunted by Unchained 500 Met Data Miner 300 Met Imprinter 300 Met Warlord at Base 500 MAIN.C Attacked Warlord 500 Met Warlord at Research 2000 Invited to Help at Command 2000 Scanned by Researcher 500 Pursued by Intercept 1500 Friendly Fire -774 Cogmind --------- Core Integrity 0/1600 Matter 234/300 Energy 100/100 System Corruption 25% Temperature Cool (0) Movement Core (50) Location -1/Access Parts ------- > --- POWER (3) -------- (None) > --- PROPULSION (8) --- (None) > --- UTILITY (10) ----- (None) > --- WEAPON (4) ------- (None) > --- INVENTORY (7) ---- Experimental Matter Compressor (500) Experimental Core Analyzer Advanced ECM Suite Experimental Force Field Sigix Broadsword Peak State ------------ > --- POWER ------------ Vortex Chain Reactor Matter Drive > --- PROPULSION ------- Thunder Leg Improved Thunder Leg Enhanced Multireflex Exoskeleton Centrium Leg Centrium Leg Centrium Leg Centrium Leg > --- UTILITY ---------- High-capacity Storage Unit Spectral Analyzer Experimental Core Analyzer Microactuators Experimental Transmission Jammer Experimental Phase Shifter Centrium Heavy Armor Plating Experimental Focal Shield Experimental Force Field > --- WEAPON ----------- Sigix Broadsword Force Lance Enhanced Force Lance > --- INVENTORY -------- Improved Quantum Reactor Improved Quantum Reactor Centrium Leg Centrium Leg Experimental Power Amplifier Experimental Matter Compressor Structural Scanner Long-range IFF Parser Experimental Core Analyzer Experimental Actuator Array Jamming Amplifier Advanced ECM Suite Experimental Reaction Control System Improved Utility Shielding Centrium Heavy Armor Plating Thermal Barrier Experimental EM Shield Advanced Point Defense System Mini Smartbomb Launcher Fusion Bomb Launcher [Rating: 242] Favorites ----------- Power Enhanced Nuclear Core Engine Ion Engine Power Core Enhanced Nuclear Core Reactor Improved Quantum Reactor Propulsion Improved Titanium Leg Treads Improved Treads Leg Improved Titanium Leg Wheel Armored Wheel Utility High-capacity Storage Unit Device IFF Parser Storage High-capacity Storage Unit Processor Core Analyzer Hackware Advanced Hacking Suite Protection Improved Heavy Armor Plating Weapon Enhanced Force Lance Energy Gun Lightning Gun Energy Cannon Advanced Plasma Cannon Ballistic Gun Assault Rifle Ballistic Cannon Slug Cannon Launcher Mini Smartbomb Launcher Special Weapon Mining Laser Impact Weapon Shock Maul Slashing Weapon Chainsword Piercing Weapon Enhanced Force Lance Special Melee Weapon Dirty Datajack Build | -11 -10 -10 -8 -7 -7 -7 -7 -6 -6 -6 -6 -6 -5 -5 -5 -5 -4 -4 -4 -4 -4 -4 -4 -3 -3 -3 -3 -2 -1 ------- Run | Yrd Mat Sub Mat Fac Low Low Zio Pro Fac Low Low Dat Pro Fac Upp War Pro Fac Was Fac Upp Upp Zhi Pro Res Qua Sec Res Acc Slots Evolved 16 | . . . 4 2 . . . . 2 . . . . 2 . . . 2 . . . . . . 2 . . . 2 Power 2 | . . . . . . . . . 1 . . . . . . . . . . . . . . . 1 . . . . Propulsion 4 | . . . 1 1 . . . . . . . . . 1 . . . . . . . . . . 1 . . . . Utility 8 | . . . 3 . . . . . 1 . . . . 1 . . . 2 . . . . . . . . . . 1 Weapon 2 | . . . . 1 . . . . . . . . . . . . . . . . . . . . . . . . 1 Parts Attached 343 | 2 9 17 28 23 10 5 2 2 30 1 3 1 7 34 4 27 1 4 3 12 2 2 2 1 16 24 10 13 48 Power 42 | . . 4 2 3 . . 1 . 2 1 . . 2 5 1 3 . . 1 1 . . 1 1 2 4 . . 8 Engine 7 | . . 4 1 1 . . 1 . . . . . . . . . . . . . . . . . . . . . . Core 15 | . . . 1 2 . . . . 1 1 . . 2 5 1 . . . 1 . . . . . . . . . 1 Reactor 20 | . . . . . . . . . 1 . . . . . . 3 . . . 1 . . 1 1 2 4 . . 7 Propulsion 76 | . 2 . 7 8 4 2 . 1 8 . 1 . 3 9 1 5 . . . 3 . . . . 2 4 1 6 9 Treads 2 | . . . 2 . . . . . . . . . . . . . . . . . . . . . . . . . . Leg 65 | . . . . 7 4 2 . 1 7 . 1 . 3 9 1 5 . . . 3 . . . . 2 4 1 6 9 Wheel 9 | . 2 . 5 1 . . . . 1 . . . . . . . . . . . . . . . . . . . . Hover . | . . . . . . . . . . . . . . . . . . . . . . . . . . . . . . Flight . | . . . . . . . . . . . . . . . . . . . . . . . . . . . . . . Utility 147 | 1 3 2 7 8 4 2 . . 10 . 2 1 1 15 1 11 1 4 2 6 2 2 1 . 10 13 9 7 22 Device 71 | 1 1 1 2 3 2 1 . . 5 . 1 . 1 6 . 4 1 3 . 3 2 2 . . 4 8 3 6 11 Storage 12 | . 2 . 1 . . . . . . . . . . 1 . 2 . . . 1 . . . . 3 . . . 2 Processor 20 | . . . 1 3 . . . . 1 . . . . . . 2 . . . 1 . . . . 1 . 6 1 4 Hackware 12 | . . . 1 . . . . . 1 . 1 . . 4 1 . . . . . . . . . 1 2 . . 1 Protection 32 | . . 1 2 2 2 1 . . 3 . . 1 . 4 . 3 . 1 2 1 . . 1 . 1 3 . . 4 Artifact . | . . . . . . . . . . . . . . . . . . . . . . . . . . . . . . Weapon 78 | 1 4 11 12 4 2 1 1 1 10 . . . 1 5 1 8 . . . 2 . . . . 2 3 . . 9 Energy Gun 5 | . . . 5 . . . . . . . . . . . . . . . . . . . . . . . . . . Energy Cannon 8 | . . 5 2 . . . . . . . . . . 1 . . . . . . . . . . . . . . . Ballistic Gun 3 | 1 1 . 1 . . . . . . . . . . . . . . . . . . . . . . . . . . Ballistic Cannon 7 | . 2 5 . . . . . . . . . . . . . . . . . . . . . . . . . . . Launcher 15 | . . 1 1 1 . 1 . 1 4 . . . 1 2 . . . . . . . . . . . . . . 3 Special Weapon 3 | . 1 . . . . . . . . . . . . . . 1 . . . . . . . . . 1 . . . Impact Weapon 7 | . . . 1 2 . . . . 3 . . . . . . . . . . . . . . . . 1 . . . Slashing Weapon 16 | . . . 2 1 1 . . . 3 . . . . . . 6 . . . . . . . . 1 1 . . 1 Piercing Weapon 13 | . . . . . . . 1 . . . . . . 2 1 1 . . . 2 . . . . 1 . . . 5 Special Melee Weapon 1 | . . . . . 1 . . . . . . . . . . . . . . . . . . . . . . . . Unidentified Prototypes 60 | . . . 4 . 1 . 1 . 2 . . . . 2 . 14 . . . 2 . . 2 . 3 12 7 3 7 Corrupted Parts 3 | . . . . . . . . . 2 . . . . . . 1 . . . . . . . . . . . . . System Corruption 22 | . . . . . . . . . 15 . . . . . . 7 . . . . . . . . . . . . . Parts Lost 91 | . . . 6 2 4 2 . 1 19 . . . 4 9 . . 1 . . . . . . . 6 3 . 1 33 Power 10 | . . . 1 . . . . . 2 . . . 1 1 . . . . . . . . . . . . . . 5 Propulsion 28 | . . . 2 . 2 1 . . 6 . . . 1 4 . . . . . . . . . . 2 1 . 1 8 Utility 36 | . . . 1 2 . 1 . . 6 . . . 1 3 . . 1 . . . . . . . 4 2 . . 15 Weapon 17 | . . . 2 . 2 . . 1 5 . . . 1 1 . . . . . . . . . . . . . . 5 Highest Loss Streak 18 | . . . 2 1 3 1 . 1 3 . . . 3 2 . . 1 . . . . . . . 4 3 . 1 18 To Critical Strikes 5 | . . . . . . . . . . . . . . 1 . . . . . . . . . . 1 . . 1 2 Average Backups 15 | 6 8 5 13 16 16 17 18 17 16 16 16 16 14 15 17 16 15 14 15 16 16 15 16 16 15 16 17 20 20 Power 1 | 1 1 . . 1 2 2 1 1 . 1 1 1 . 1 1 . 1 1 1 2 2 2 2 2 1 2 1 2 . Propulsion 2 | 4 2 1 2 4 2 2 4 4 2 3 3 3 1 1 2 2 2 2 2 2 2 2 2 2 1 1 1 1 1 Utility 8 | . 2 2 3 5 8 9 9 9 9 11 11 11 10 9 10 10 9 8 8 9 9 8 9 9 8 6 11 14 13 Weapon 2 | 1 2 2 6 3 2 2 2 2 2 . . . . 2 2 3 3 3 3 2 3 3 3 3 3 5 3 2 3 Tool/Special . | . . . . . . . . . . . . . . . . . . . . . . . . . . . . . . Unused Backups 51 | 5 6 4 2 2 3 . 1 1 7 . . . . 3 . 2 . 1 1 1 . . . . 1 2 2 4 3 Power 8 | 1 . 1 . 1 . . 1 . . . . . . 1 . . . . . . . . . . . . 1 2 . Propulsion 11 | 2 2 2 . 1 . . . 1 3 . . . . . . . . . . . . . . . . . . . . Utility 20 | 1 . . 1 . 2 . . . 4 . . . . 2 . 2 . . 1 1 . . . . 1 1 . 1 3 Weapon 9 | 1 4 1 1 . 1 . . . . . . . . . . . . 1 . . . . . . . . . . . Tool/Special 3 | . . . . . . . . . . . . . . . . . . . . . . . . . . 1 1 1 . Average Slot Usage (%) 91 | . 99 92 94 98 96 99 100 99 90 87 93 93 97 90 94 93 100 99 100 99 99 99 99 100 96 72 62 71 86 Engine 2 | . 14 14 3 3 . . . . 3 . . . . . . . . . . . . . . . . . . . . Core 3 | . . . 5 3 7 7 7 7 4 7 13 13 12 9 11 3 . . . . . . . . . . . . . Reactor 3 | . . . . . . . . . . . . . . . . 3 11 10 10 10 10 9 10 10 13 10 7 7 10 Leg 22 | . 18 . . 26 29 29 30 30 24 26 26 26 26 26 29 29 29 26 26 26 26 26 26 26 26 15 16 22 28 Wheel 4 | . 9 28 24 2 . . . . . . . . . . . . . . . . . . . . . . . . . Device 12 | . 13 10 21 15 7 7 7 7 10 6 5 . 5 10 5 4 6 15 15 18 14 21 20 21 19 17 10 12 17 Storage 5 | . 14 3 8 7 7 7 7 7 6 6 6 6 6 5 5 5 5 5 5 5 5 5 5 5 4 3 3 3 3 Processor 7 | . . . 3 7 15 15 15 15 13 13 13 13 12 5 5 5 5 5 5 5 10 5 5 5 . . 4 11 8 Hackware 3 | . . . 5 . . . . . . . . 6 6 6 11 11 9 5 5 5 5 5 5 5 8 12 5 . . Protection 6 | . . 6 3 6 6 6 7 7 5 6 6 6 6 5 5 8 11 14 15 12 10 10 9 10 7 2 2 3 4 Energy Cannon 1 | . . 8 . . . . . . . . . . . . 1 . . . . . 1 3 . 3 1 1 . . . Ballistic Cannon 1 | . 2 17 4 . . . . . . . . . . . . . . . . . . . . . . . . . . Impact Weapon 2 | . . . 5 13 4 7 1 . 2 6 5 6 5 1 . . . . . . . . . . . . . . . Slashing Weapon 5 | . . . 1 7 12 14 14 13 9 13 13 13 13 5 . 9 10 9 5 1 . . . . . 3 3 3 2 Piercing Weapon 4 | . . . . . . . 5 7 4 . . . . 7 13 7 2 5 5 11 13 11 15 11 11 2 2 3 10 Peak Build Rating 242 | 7 13 20 35 54 57 53 52 56 70 74 75 73 75 91 91 127 124 132 131 141 141 143 144 145 160 202 221 223 242 Average Rating 97 | 6 8 13 28 46 52 50 51 52 62 70 72 72 72 81 88 106 120 129 127 132 135 136 138 135 150 167 208 217 224 On Entrance 94 | 6 7 13 20 33 54 53 51 52 55 70 73 73 71 69 88 88 124 124 131 124 137 134 136 140 135 119 201 221 220 Avg Prop Armor Cover (%) 5 | . . . 11 . . . . . 10 . . . . 3 . . . . . . . 4 . . 4 2 . . 2 Naked Turns 2 | . . . . . . . . . . . . . . . . . . . . . . . . . . . . . 2 Heaviest Build 180 | 15 34 41 67 72 71 66 66 66 81 78 80 77 79 92 89 115 114 119 116 132 125 125 125 125 145 141 139 145 180 Greatest Support 236 | 20 24 24 36 74 74 71 68 71 80 80 80 80 80 100 96 118 118 118 118 128 128 128 128 128 144 156 186 228 236 Greatest Overweight (x) 6 | . 1 1 4 2 . 1 . . 6 . 1 . . 1 . . . 1 . 1 . 1 . . 1 1 . . 3 Average Overweight (x) . | . . . . . . . . . . . . . . . . . . . . . . . . . . . . . . Largest Inventory Capacity 22 | 8 15 15 20 20 20 20 20 20 20 20 20 20 20 20 20 20 20 20 20 20 20 20 20 20 20 20 22 22 22 Average Capacity 18 | 8 10 7 17 20 20 20 20 20 20 20 20 20 20 20 20 20 20 20 20 20 20 20 20 20 20 20 20 22 21 Most Carried 22 | 7 14 15 20 20 20 20 20 20 20 20 20 20 20 20 20 20 20 20 20 20 20 20 20 20 20 20 22 22 22 Average Carried 18 | 6 8 7 16 19 19 19 19 19 18 20 20 19 19 19 19 19 19 18 19 19 19 19 19 20 19 19 20 21 20 Final Capacity 22 | 8 15 15 20 20 20 20 20 20 20 20 20 20 20 20 20 20 20 20 20 20 20 20 20 20 20 20 22 22 7 Final Carried 22 | 7 14 15 20 20 20 20 20 20 20 20 20 20 17 20 20 20 19 19 20 20 19 20 20 20 18 20 22 22 6 Class Distribution -------------------- 29% | Gladiator 19% | Mutant 16% | Scavenger-Gladiator 11% | Hacker-Mutant 6% | Hacker-Gladiator 6% | Scavenger-Mutant 3% | Derelict-Gladiator Dominant Class ---------------- Mutant | -10/Materials Mutant | -10/Subcaves Infiltrator-Mutant | -8/Materials Gladiator | -7/Factory Gladiator | -7/Lower Caves Gladiator | -7/Lower Caves Gladiator | -7/Zion Gladiator | -6/Proximity Caves Gladiator | -6/Factory Gladiator | -6/Lower Caves Gladiator | -6/Lower Caves Gladiator | -6/Data Miner Gladiator | -5/Proximity Caves Mutant | -5/Factory Hacker-Mutant | -5/Upper Caves Hacker-Mutant | -5/Warlord Hacker-Mutant | -4/Proximity Caves Scavenger-Gladiator | -4/Factory Scavenger-Gladiator | -4/Waste Scavenger-Gladiator | -4/Factory Scavenger-Mutant | -4/Upper Caves Scavenger-Mutant | -4/Upper Caves Scavenger-Gladiator | -4/Zhirov Scavenger-Mutant | -3/Proximity Caves Hacker-Mutant | -3/Research Hacker-Gladiator | -3/Quarantine Scavenger-Gladiator | -3/Section 7 Scavenger-Gladiator | -2/Research Scavenger-Gladiator | -1/Access Resources | -11 -10 -10 -8 -7 -7 -7 -7 -6 -6 -6 -6 -6 -5 -5 -5 -5 -4 -4 -4 -4 -4 -4 -4 -3 -3 -3 -3 -2 -1 ----------- Run | Yrd Mat Sub Mat Fac Low Low Zio Pro Fac Low Low Dat Pro Fac Upp War Pro Fac Was Fac Upp Upp Zhi Pro Res Qua Sec Res Acc Matter Collected 15663 | 280 354 1347 815 805 473 177 83 196 1355 300 312 . 287 1326 444 427 318 . 697 240 355 193 70 102 666 652 602 224 2563 Remotely . | . . . . . . . . . . . . . . . . . . . . . . . . . . . . . . Salvage Created 30614 | 125 216 950 1584 1210 772 342 . 777 2100 78 304 . 614 2371 203 . 337 . 1485 200 91 279 219 52 1742 1105 1644 928 10886 Parts 1352 | 10 13 58 93 41 26 22 . 23 97 6 11 . 22 142 12 . 11 . 16 15 6 13 3 1 101 44 71 32 463 Haulers Intercepted 29 | . 2 . 4 3 1 . . . 1 . . . . 3 . . . . . 1 . . . . 2 1 2 3 6 Recyclers Shooed 5 | . . . . 1 . . . . 1 . . . . 2 . . . . . . . . . . . . . . 1 Parts Field Recycled . | . . . . . . . . . . . . . . . . . . . . . . . . . . . . . . Retrieved Matter . | . . . . . . . . . . . . . . . . . . . . . . . . . . . . . . Parts Self-Destructed 146 | . . 20 . . 30 23 . 3 . 5 8 . 17 . 9 . 9 . . . 9 8 3 2 . . . . . Prevented 30 | . . . . . . 6 . 17 . . . . 7 . . . . . . . . . . . . . . . . Parts Restored . | . . . . . . . . . . . . . . . . . . . . . . . . . . . . . . Kills | -11 -10 -10 -8 -7 -7 -7 -7 -6 -6 -6 -6 -6 -5 -5 -5 -5 -4 -4 -4 -4 -4 -4 -4 -3 -3 -3 -3 -2 -1 ------- Run | Yrd Mat Sub Mat Fac Low Low Zio Pro Fac Low Low Dat Pro Fac Upp War Pro Fac Was Fac Upp Upp Zhi Pro Res Qua Sec Res Acc Combat Hostiles Destroyed 421 | . 3 27 35 16 18 9 . 11 38 3 4 . 12 37 5 . 9 . 6 1 3 3 . 2 13 10 19 7 130 Melee 249 | . . . 6 7 11 1 . 1 15 3 3 . 7 29 2 . 4 . . 1 1 3 . 1 13 9 19 7 106 Guns 16 | . 3 . 13 . . . . . . . . . . . . . . . . . . . . . . . . . . Cannons 27 | . . 24 2 . 1 . . . . . . . . . . . . . . . . . . . . . . . . AOE 94 | . . 3 9 4 6 8 . 7 18 . . . 3 7 3 . 5 . 6 . 2 . . 1 . . . . 12 Classes Destroyed 33 | 2 3 7 5 4 . . . . . . 1 . . . . . . . 2 . . 2 . . 1 1 3 . 2 Worker 21 | . . . 1 2 . . . . 7 . . . . 5 . . . . . . . . . . 1 . . . 5 Builder 21 | . . . 3 2 . . . . 4 . . . . 7 . . . . . 1 . . . . 2 . . . 2 Tunneler 6 | 3 . . 1 1 . . . . 1 . . . . . . . . . . . . . . . . . . . . Hauler 29 | . 2 . 4 3 1 . . . 1 . . . . 3 . . . . . 1 . . . . 2 1 2 3 6 Recycler 18 | 1 . . 2 3 . . . . 2 . . . . 3 . . . . . . . . . . 4 . . . 3 Mechanic 2 | . . . . 2 . . . . . . . . . . . . . . . . . . . . . . . . . Operator 4 | . . . . . . . . . . . . . . . . . . . . . . . . . 1 1 . 1 1 Drone 6 | . . . 1 . . . . . . . . . 1 . . . 2 . . . . . . 1 . . 1 . . Turret 2 | . . 2 . . . . . . . . . . . . . . . . . . . . . . . . . . . Watcher 23 | . 3 . 5 3 . . . . 3 . . . . 4 . . . . . . . . . . 1 . . 1 3 Swarmer 68 | . 3 5 11 . 5 5 . 1 4 3 . . 3 11 3 . . . . . . . . . . . . . 14 Cutter 8 | . . . 8 . . . . . . . . . . . . . . . . . . . . . . . . . . Saboteur 2 | . . . . . . . . . . . . . . . . . . . . . . . . . . . . . 2 Grunt 135 | . . 3 6 10 7 4 . 8 18 . 4 . 6 10 . . 4 . . . . 1 . . 1 1 4 4 44 Brawler 8 | . . . . 1 2 . . . . . . . . . . . . . . . . . . . . . . . 5 Duelist 10 | . . . . 1 2 . . . 1 . . . . 1 . . . . . . . . . . . . . . 5 Researcher 2 | . . . . . . . . . . . . . . . . . . . . . . . . . . . 2 . . Sentry 26 | . . 1 5 1 2 . . 1 5 . . . 1 1 1 . . . . . . . . . 2 . 2 1 3 Specialist 1 | . . . . . . . . . . . . . . . . . . . . . . . . . . . 1 . . Hunter 31 | . . . 4 1 . . . . 3 . . . 1 3 1 . 2 . . 1 3 . . 1 1 . . . 10 Programmer 66 | . . . . 2 . . . . 7 . . . . 11 . . 1 . . . . 1 . . 9 8 6 1 20 Q-Series 10 | . . . . . . . . . . . . . . . . . . . . . . . . . . . . . 10 Behemoth 1 | . . . . . . . . . . . 1 . . . . . . . . . . . . . . . . . . Compactor 6 | . . . . . . . . . . . . . . . . . . . 6 . . . . . . . . . . Tracker 12 | . . . . . . . . . . . . . . . . . . . . . . . . . . . 2 1 9 Combat Programmer 9 | . . . . . . . . . . . . . . . . . . . . . . . . . . . 1 . 8 Investigator 1 | . . . . . . . . . . . . . . . . . . . . . . . . . . . . . 1 Executioner 2 | . . . . . . . . . . . . . . . . . . . . . . . . . . . 2 . . Fortress 1 | . . . . . . . . . . . . . . . . . . . . . . . . . . 1 . . . Artisan 2 | . . 2 . . . . . . . . . . . . . . . . . . . . . . . . . . . Cobbler 2 | . . 2 . . . . . . . . . . . . . . . . . . . . . . . . . . . Subdweller 18 | . . 18 . . . . . . . . . . . . . . . . . . . . . . . . . . . Zionite 2 | . . 2 . . . . . . . . . . . . . . . . . . . . . . . . . . . Decomposer 1 | . . . . . . . . . . . . . . . 1 . . . . . . . . . . . . . . Samaritan 1 | . . . . . . . . . . . . . . . . . . . . . . 1 . . . . . . . Butcher 1 | . . . . . . . . 1 . . . . . . . . . . . . . . . . . . . . . Martyr 2 | . . . . . . . . . . . . . . . . . . . 2 . . . . . . . . . . Mutant 1 | . . . . . . . . . . . . . . . . . . . . . . 1 . . . . . . . Best Kill Streak 15 | 2 3 4 8 8 6 6 . 4 14 2 2 . 3 11 3 . 3 . 3 1 2 1 . 2 6 3 6 3 15 Combat Bots Only 11 | . 3 4 7 4 6 6 . 4 5 2 2 . 3 6 3 . 3 . 3 1 2 1 . 2 3 3 6 2 11 Max Kills in Single Turn 4 | 1 1 2 3 3 2 3 . 2 3 1 1 . 2 3 3 . 1 . 1 1 1 1 . 1 2 1 1 1 4 Gunslinging . | . . . . . . . . . . . . . . . . . . . . . . . . . . . . . . Exploded 4 | . . 2 3 2 2 3 . 2 3 . . . 2 2 3 . 1 . 1 . 1 . . 1 . . . . 4 Melee 2 | . . . 1 1 1 1 . 1 1 1 1 . 1 1 1 . 1 . . 1 1 1 . 1 1 1 1 1 2 Uniques/NPCs Destroyed . | . . . . . . . . . . . . . . . . . . . . . . . . . . . . . . Combat | -11 -10 -10 -8 -7 -7 -7 -7 -6 -6 -6 -6 -6 -5 -5 -5 -5 -4 -4 -4 -4 -4 -4 -4 -3 -3 -3 -3 -2 -1 -------- Run | Yrd Mat Sub Mat Fac Low Low Zio Pro Fac Low Low Dat Pro Fac Upp War Pro Fac Was Fac Upp Upp Zhi Pro Res Qua Sec Res Acc Hostile Shots Fired 4518 | . 15 125 164 153 109 43 . 20 414 19 55 . 65 324 29 . 31 . . 19 16 63 . . 387 83 498 179 1707 Missed 1696 | . 7 46 49 71 30 15 . 5 156 7 20 . 21 88 8 . 9 . . 12 9 29 . . 195 22 211 45 641 Intercepted 13 | . . . . . . . . . . . . . . . . . . . . . . . . . . . . 2 11 Deflected 24 | . . . . . . . . . . . . . . . . . . . . . . . . . . 2 . . 22 Hits 2822 | . 8 79 115 82 79 28 . 15 258 12 35 . 44 236 21 . 22 . . 7 7 34 . . 192 61 287 134 1066 Melee 88 | . . . 16 5 12 . . . . . . . . . . . . . . . . . . . . . . . 55 Projectile 2734 | . 8 79 99 77 67 28 . 15 258 12 35 . 44 236 21 . 22 . . 7 7 34 . . 192 61 287 134 1011 AOE 97 | . . . 4 . . . . 1 . . . . . . . 2 . . . . . . . . . . . 2 88 Critical Strikes 121 | . . 2 7 8 3 . . 2 3 . 2 . 1 5 . . 2 . . . 1 2 . 1 13 3 12 2 52 Actively Blocked 19 | . . . . . . . . . . . . . . 1 . . . . . . . . . 1 1 . . . 16 Part Disruptions 11 | . . . . . . . . . . . . . . 1 . . . . . . . 3 . . 4 . . . 3 Damage Taken 34874 | . 68 1617 1670 1149 1682 360 . 383 3415 162 372 . 862 3617 422 87 466 . . 159 121 218 . 22 2498 1100 2009 1573 10842 Core 3987 | . 18 166 256 138 239 43 . 96 463 . 50 . 81 312 67 . 63 . . 12 . 8 . . 162 60 104 40 1609 Absorbed by Shields 10030 | . . . . 58 . . . . 304 . 18 . . 409 . 26 . . . 45 11 236 . 23 1118 283 762 755 5982 Redirected to Shielding 323 | . . . . . . . . . . . . . 59 55 . . . . . 9 12 13 . 6 63 . . . 106 Ignored by Resistances 13557 | . . . . . . . . . . . . . . 34 . . . . . . 25 . . . 154 114 2853 335 10042 Regen/Repaired (Parts) 5424 | . 5 . 197 91 . . 138 . 302 . . . . 568 . 495 . . 20 . . . . . . 380 1424 502 1302 Core Remaining (%) 62 | 100 . 26 53 . . . . 26 . . . . 30 . . . 55 . . . . . . 98 . . 74 97 . Volleys Fired 550 | 10 34 154 72 4 18 10 . 23 26 . . . 5 28 10 1 11 4 22 . 23 28 . 5 22 12 2 . 26 Largest 2 | 2 2 2 2 2 1 1 . 2 2 . . . 1 1 1 1 1 1 1 . 1 1 . 1 1 1 1 . 1 Hottest 120 | 40 100 120 110 66 75 36 . 75 72 . . . 46 98 98 98 98 98 80 . 98 98 . 98 98 98 80 . 80 Shots Fired 739 | 20 53 249 127 7 18 10 . 24 32 . . . 5 27 11 1 11 4 22 . 23 28 . 5 22 12 2 . 26 Gun 172 | 20 41 . 110 1 . . . . . . . . . . . . . . . . . . . . . . . . . Cannon 369 | . . 242 10 . 5 . . . . . . . . 19 7 1 1 4 . . 14 28 . 4 22 12 . . . Launcher 186 | . . 7 7 6 13 10 . 24 32 . . . 5 8 4 . 10 . 22 . 9 . . 1 . . 2 . 26 Special 12 | . 12 . . . . . . . . . . . . . . . . . . . . . . . . . . . . Kinetic 253 | 20 41 179 13 . . . . . . . . . . . . . . . . . . . . . . . . . . Thermal 169 | . 12 39 1 . 5 . . . . . . . . 19 7 1 1 4 . . 14 28 . 4 22 12 . . . Explosive 114 | . . . 3 6 13 . . . 32 . . . . 8 4 . 10 . 22 . 9 . . 1 . . 2 . 4 Electromagnetic 203 | . . 31 110 1 . 10 . 24 . . . . 5 . . . . . . . . . . . . . . . 22 Robot Hit Streak 25 | 4 10 25 10 5 3 . . 2 5 . . . . 3 4 . . . 17 . 20 . . . . . . . 4 Robot Miss Streak 6 | 3 2 3 6 2 2 3 . 4 1 . . . 1 . . . . . . . . . . . . . . . 4 Penetration Max . | . . . . . . . . . . . . . . . . . . . . . . . . . . . . . . Secondary Targets 1 | . . . 1 . . . . . . . . . . . . . . . . . . . . . . . . . . Max Gunslinging Chain 1 | . . . 1 . . . . . . . . . . . . . . . . . . . . . . . . . . Shots Hit Robots 1318 | 11 25 149 103 74 46 3 . 9 90 4 17 . 16 117 10 . 10 . 18 9 4 10 10 2 60 36 55 27 403 Core Hits 845 | 5 10 57 55 23 30 15 . 20 89 3 7 . 16 79 8 . 15 . 14 5 6 5 2 3 31 11 27 13 296 Critical Kills 10 | . . 1 . 3 . . . . 1 . . . 1 4 . . . . . . . . . . . . . . . Critical Parts Destroyed 33 | . 1 . 7 8 . . . . 7 . 1 . 2 7 . . . . . . . . . . . . . . . Critical Strikes 161 | . 1 7 11 15 3 . . 1 12 . 2 . 4 22 2 . 1 . 1 1 1 2 . . 8 2 4 2 59 Destroy 3 | . 1 1 1 . . . . . . . . . . . . . . . . . . . . . . . . . . Blast 5 | . . 5 . . . . . . . . . . . . . . . . . . . . . . . . . . . Corrupt 5 | . . 1 4 . . . . . . . . . . . . . . . . . . . . . . . . . . Smash 40 | . . . 6 11 . . . . 8 . 1 . 3 11 . . . . . . . . . . . . . . . Sever 33 | . . . . 4 3 . . 1 3 . 1 . 1 6 . . 1 . . . . . . . . 1 4 2 6 Impale 75 | . . . . . . . . . 1 . . . . 5 2 . . . 1 1 1 2 . . 8 1 . . 53 Melee Attacks 1603 | . . . 64 113 52 6 4 9 150 6 23 . 28 202 22 2 18 1 6 16 10 20 10 5 119 57 96 41 523 Kinetic 3 | . . . . . . . . . . . . . . . . . . . . . . . . . . 3 . . . Impact 218 | . . . 52 69 3 1 . . 36 2 8 . 8 39 . . . . . . . . . . . . . . . Slashing 577 | . . . 12 44 45 5 4 8 37 4 14 . 20 88 . 1 11 . 1 1 . . . . . 46 87 34 115 Piercing 805 | . . . . . 4 . . 1 77 . 1 . . 75 22 1 7 1 5 15 10 20 10 5 119 8 9 7 408 Sneak Attacks 98 | . . . 11 16 2 . . 1 8 . 7 . . 9 . . . . 5 2 1 1 . . 9 4 7 4 11 Combat Hostiles 7 | . . . 1 1 . . . . . . . . . . . . . . . . 1 . . . . 2 1 1 . Follow-up Attacks 334 | . . . 5 25 10 1 . 1 17 1 6 . 3 32 3 . 4 . . 3 . 5 4 . 25 7 6 4 172 Martial Strikes 15 | . . . . . . . . . . . . . . . . . . . . . . . . . 1 2 . . 12 Damage Inflicted 79048 | 156 311 3627 4037 4041 2378 505 . 1265 7075 171 984 . 906 6441 494 . 1470 . 3145 491 734 519 853 217 3393 2643 5022 2207 25963 Guns 1669 | 156 311 . 1202 . . . . . . . . . . . . . . . . . . . . . . . . . . Cannons 3360 | . . 3186 90 . 50 . . . . . . . . . 34 . . . . . . . . . . . . . . Explosions 19387 | . . 441 812 626 837 389 . 1030 4059 . . . 231 1806 199 . 930 . 2770 . 640 . . 110 . . 184 . 4323 Melee 53919 | . . . 1933 3415 1491 116 . 235 2999 171 984 . 675 4599 261 . 540 . 375 491 94 519 853 107 3220 2627 4809 2207 21198 Ramming 713 | . . . . . . . . . 17 . . . . 36 . . . . . . . . . . 173 16 29 . 442 Kinetic 3269 | 156 311 2279 427 . . . . . . . . . . . . . . . . . . . . . . 96 . . . Thermal 1427 | . . 790 273 . 50 24 . 219 . . . . . . 34 . . . . . . . . . . . . . 37 Explosive 13860 | . . . 202 626 837 . . . 4059 . . . . 1806 199 . 930 . 2770 . 640 . . 110 . . 184 . 1497 Electromagnetic 5956 | . . 558 1202 . . 365 . 811 . . . . 231 . . . . . . . . . . . . . . . 2789 Impact 6920 | . . . 1593 2269 73 52 . . 1164 56 302 . 217 1194 . . . . . . . . . . . . . . . Slashing 22147 | . . . 340 1146 1403 64 . 184 629 115 679 . 458 2272 . . 352 . . 29 . . . . . 2207 4534 2072 5663 Piercing 24756 | . . . . . 15 . . 51 1206 . 3 . . 1133 261 . 188 . 375 462 94 519 853 107 3220 324 275 135 15535 Highest Corruption 39 | . . . . 2 2 2 2 1 19 19 19 19 20 9 9 9 8 . . . . 3 3 3 12 28 39 2 25 Average Corruption 10 | . . . . 1 2 2 2 1 16 19 19 19 19 6 9 7 7 . . . . 2 3 3 5 19 31 1 5 Corruption Purged 9 | . . . . . . . . . . . . . . . . . . . . . . . . . 6 . . . 3 Corruption Blocked . | . . . . . . . . . . . . . . . . . . . . . . . . . . . . . . Effects 717 | . . . . 9 16 10 2 7 153 31 53 6 40 54 39 8 26 . . . . 8 2 8 16 56 89 5 79 Message Errors 182 | . . . . 3 1 3 1 1 40 6 17 2 15 9 8 2 11 . . . . 1 . 4 1 12 24 . 21 Matter Fused 180 | . . . . 1 7 4 . 4 31 10 19 1 9 16 9 1 6 . . . . 2 . 1 7 13 18 4 17 Heat Flow Errors 75 | . . . . 1 1 . . 1 17 2 2 . 6 11 1 1 3 . . . . 3 . 1 1 9 7 . 8 Energy Discharges 88 | . . . . 1 5 . . . 23 6 4 1 4 4 4 3 3 . . . . 1 1 . 2 8 5 1 12 Parts Rejected 10 | . . . . . . . . . 3 . . . . 1 . . . . . . . . . . 2 . 1 . 3 Parts Fused 17 | . . . . . . . . 1 3 1 2 . . . 2 . 1 . . . . . . . 1 2 2 . 2 Data Loss (minor) 80 | . . . . 1 1 1 . . 16 5 6 1 3 6 7 1 2 . . . . 1 . 1 1 6 11 . 10 Data Loss (major) 43 | . . . . 1 1 1 . . 8 1 2 1 1 4 4 . . . . . . . 1 . 1 3 9 . 5 Misfires 3 | . . . . . . . . . . . . . 1 . 2 . . . . . . . . . . . . . . Alerts 17 | . . . . 1 . 1 1 . 5 . 1 . . 2 1 . . . . . . . . 1 . 1 2 . 1 Misdirections 18 | . . . . . . . . . 6 . . . . . . . . . . . . . . . . 2 10 . . Weapon Failures 4 | . . . . . . . . . 1 . . . 1 1 1 . . . . . . . . . . . . . . Overload Shots . | . . . . . . . . . . . . . . . . . . . . . . . . . . . . . . Overflow Damage 6848 | . . 81 592 1014 62 9 . 54 864 15 118 . 146 878 18 . 77 . . . . 79 161 . 394 503 310 184 1289 Projectiles 33 | . . 18 . . . . . . . . . . . . 15 . . . . . . . . . . . . . . Explosions 484 | . . 63 78 26 . . . 8 106 . . . . 96 3 . 52 . . . . . . . . . . . 52 Melee 6331 | . . . 514 988 62 9 . 46 758 15 118 . 146 782 . . 25 . . . . 79 161 . 394 503 310 184 1237 Knockbacks 56 | . . 22 3 9 . . . . 11 . 2 . 2 3 . . . . . . . . . . . . 1 . 3 Impact 32 | . . . 3 9 . . . . 10 . 1 . 2 3 . . . . . . . . . . . . 1 . 3 Kinetic 21 | . . 21 . . . . . . . . . . . . . . . . . . . . . . . . . . . Secondary 3 | . . 1 . . . . . . 1 . 1 . . . . . . . . . . . . . . . . . . Self-Inflicted Damage 378 | . . . 79 50 . 11 . 49 39 . . . 50 . . . . . . . . . . . . . . . 100 Shots 16 | . . . 3 1 . 1 . 3 3 . . . 2 . . . . . . . . . . . . . . . 3 Rammed . | . . . . . . . . . . . . . . . . . . . . . . . . . . . . . . Targets Rammed 31 | . . . . . . . . . 2 . . . . 2 . . . . . . . . . . 9 2 2 . 14 Kicked 31 | . . . . . . . . . 2 . . . . 2 . . . . . . . . . . 9 2 2 . 14 Crushed . | . . . . . . . . . . . . . . . . . . . . . . . . . . . . . . Highest Temperature 328 | . 60 24 265 267 269 18 . 107 287 249 227 . 304 273 209 96 200 84 72 . 328 221 . 82 160 184 261 . 244 Average Temperature 82 | . 25 8 89 86 83 10 . 37 102 116 107 . 111 90 71 44 46 43 29 . 93 95 . 25 45 81 98 . 103 Received Heat Transfer 4377 | . . 234 225 395 210 63 . 126 819 . 90 . 180 351 36 . 99 . . . 349 17 . . 197 24 147 88 727 Effects 9 | . . . 2 . . . . . 3 1 . . 3 . . . . . . . . . . . . . . . . Energy Bleed 3 | . . . 2 . . . . . . 1 . . . . . . . . . . . . . . . . . . . Interference 6 | . . . . . . . . . 3 . . . 3 . . . . . . . . . . . . . . . . Siege Activations . | . . . . . . . . . . . . . . . . . . . . . . . . . . . . . . Martial Activations 9 | . . . . . . . . . . . . . . . . . . . . . . . . . 1 2 . . 6 Total Turns 833 | . . . . . . . . . . . . . . . . . . . . . . . . . 22 124 . . 687 Longest Duration 215 | . . . . . . . . . . . . . . . . . . . . . . . . . 22 72 . . 215 Shielding Activations 5 | . . . . . . . . . . . . . . . . . . . . . . . . . . . . . 5 Total Turns 143 | . . . . . . . . . . . . . . . . . . . . . . . . . . . . . 143 Longest Duration 61 | . . . . . . . . . . . . . . . . . . . . . . . . . . . . . 61 Robots Disrupted 2 | . . . 1 . . 1 . . . . . . . . . . . . . . . . . . . . . . . Combat Hostiles 2 | . . . 1 . . 1 . . . . . . . . . . . . . . . . . . . . . . . Robots Corrupted 57 | . . 2 11 11 . . . 3 8 . 1 . 2 4 . . . . . . . . . . . . . . 15 Combat Hostiles 35 | . . 1 5 5 . . . 3 5 . 1 . 2 1 . . . . . . . . . . . . . . 12 Parts Fried 92 | . . 5 22 7 . . . 3 9 . 1 . 4 4 . . . . . . . . . . . . . . 37 Impact Corruptions 98 | . . . 18 29 . 1 . . 21 . 2 . 4 19 . . . . . . . . . . . . . . 4 Robots Melted . | . . . . . . . . . . . . . . . . . . . . . . . . . . . . . . Combat Hostiles . | . . . . . . . . . . . . . . . . . . . . . . . . . . . . . . Parts Melted 2 | . . 1 . . . . . . . . . . . . . . . . . . . . . . . . . . 1 Heat Transferred 1747 | . . 1073 300 . 74 . . 200 . . . . . . 50 . . . . . . . . . . . . . 50 Parts Sabotaged 7 | . . . . . . . . . . . . . . . . . . . . . . . . . . . . . 7 Parts Stolen . | . . . . . . . . . . . . . . . . . . . . . . . . . . . . . . Parts Stripped 18 | . . . . . . . . . . . . . . . . . . . . . . . . . . 18 . . . Power Chain Reactions 11 | . . . 4 . . 2 . 2 . . . . 1 . . . . . . . . . . . . . . . 2 Alert | -11 -10 -10 -8 -7 -7 -7 -7 -6 -6 -6 -6 -6 -5 -5 -5 -5 -4 -4 -4 -4 -4 -4 -4 -3 -3 -3 -3 -2 -1 ------- Run | Yrd Mat Sub Mat Fac Low Low Zio Pro Fac Low Low Dat Pro Fac Upp War Pro Fac Was Fac Upp Upp Zhi Pro Res Qua Sec Res Acc Maximum Alert Level 5 | . . . 2 2 . . . . 3 . . . . 2 . . . 2 1 2 . . . . . . 1 1 5 Low Security (%) 59 | 100 100 . 46 21 . . . . 64 . . . . 64 . . . . 70 34 . . . . 100 100 53 95 30 Level 1 17 | . . . 22 51 . . . . 2 . . . . 17 . . . . 29 23 . . . . . . 46 4 17 Level 2 13 | . . . 30 27 . . . . 19 . . . . 18 . . . 100 . 41 . . . . . . . . 4 Level 3 3 | . . . . . . . . . 13 . . . . . . . . . . . . . . . . . . . 6 Level 4 . | . . . . . . . . . . . . . . . . . . . . . . . . . . . . . 5 Level 5 4 | . . . . . . . . . . . . . . . . . . . . . . . . . . . . . 26 High Security 1 | . . . . . . . . . . . . . . . . . . . . . . . . . . . . . 10 Max Security . | . . . . . . . . . . . . . . . . . . . . . . . . . . . . . . Sterilizations 1 | . . . . . . . . . . . . . . . . . . . . . . . . . . . . . 1 Peak Influence 3099 | 5 71 . 694 472 . . . . 781 . . . . 536 . . . 600 218 647 . . . . 188 109 352 222 3099 Initial 600 | . . . 71 312 . . . . 44 . . . . 238 . . . 600 182 67 . . . . 150 96 . 195 . Average 326 | 1 9 . 255 306 . . . . 255 . . . . 201 . . . 560 172 345 . . . . 73 35 170 103 1029 Influence Increases 15738 | 20 154 385 1226 782 425 314 . 420 1374 85 95 . 365 1569 135 45 180 610 136 1058 80 55 21 78 746 389 760 233 3998 Destroy 0b10 Robot/C 8600 | . 60 220 680 320 380 280 . 240 760 60 80 . 280 740 100 . 140 . . 500 60 40 . 40 260 200 400 140 2620 Destroy 0b10 Robot/NC 680 | 20 25 . 85 80 5 . . 5 90 . . . 5 110 . . 10 . . 10 . 5 15 10 55 10 15 25 100 Destroy Leader 1712 | . 20 30 178 82 20 10 . 30 188 10 . . 20 154 20 . 30 . . 82 20 10 . 10 86 22 94 38 558 Allied During Kill 517 | . . . . . 5 9 . 25 . . . . 15 . . . . . . 439 . . 6 18 . . . . . Successful Hack 571 | . 39 . 45 107 . . . . 106 . . . . 144 . . . . . 4 . . . . 20 26 56 . 24 Disable Machine 330 | . . . 30 60 . . . . 15 . . . . . . . . . . 15 . . . . 30 60 75 . 45 Destroy Structure 973 | . 10 . 103 58 . . . . 140 . . . . 166 . . . 10 136 8 . . . . 70 26 . . 246 Advance Influence 900 | . . . . . . . . . . . . . . 150 . . . 600 . . . . . . 150 . . . . Partial Spotted 90 | . . . 30 15 . . . . . . . . . . . . . . . . . . . . . . 30 15 . Lose Combat Pursuer 1365 | . . 135 75 60 15 15 . 120 75 15 15 . 45 105 15 45 . . . . . . . . 75 45 90 15 405 Influence Decreases 12699 | 20 154 247 676 1318 577 250 64 350 679 618 327 . 223 1177 669 15 210 90 560 515 719 55 21 78 575 560 411 582 959 Entered New Map 2035 | . . . 67 376 57 . 64 . 26 284 45 . . 54 199 . 30 . 338 29 237 . . . . 75 . 154 . Time Decay 8667 | 20 154 247 549 622 460 220 . 260 483 334 282 . 163 723 470 15 170 90 222 246 472 55 21 47 515 369 411 418 629 Lost Part 880 | . . . 60 20 40 10 . 10 170 . . . 40 90 . . 10 . . . . . . . 60 30 . 10 330 Lost Ally 431 | . . . . . 20 20 . 80 . . . . 20 10 . . . . . 240 10 . . 31 . . . . . Purge Threat 686 | . . . . 300 . . . . . . . . . 300 . . . . . . . . . . . 86 . . . Squads Dispatched 125 | . 1 . 7 10 . 1 . . 19 . . . . 16 . . . . . 9 . . . . 9 7 9 3 34 Investigation 22 | . 1 . . 2 . 1 . . 5 . . . . 4 . . . . . 2 . . . . 2 3 2 . . Extermination 39 | . . . . 5 . . . . 7 . . . . 8 . . . . . 1 . . . . 4 3 3 . 8 Reinforcement 32 | . . . 7 3 . . . . 5 . . . . 4 . . . . . 2 . . . . 3 1 3 1 3 Assault 18 | . . . . . . . . . 1 . . . . . . . . . . 1 . . . . . . . . 16 Garrison 7 | . . . . . . . . . 1 . . . . . . . . . . 3 . . . . . . . . 3 Intercept 7 | . . . . . . . . . . . . . . . . . . . . . . . . . . . 1 2 4 Searches Triggered . | . . . . . . . . . . . . . . . . . . . . . . . . . . . . . . Data Miner Redirects 3 | . . . . . . . . . . . . . . 1 . . . . . . . . . . . 2 . . . Construction Impeded 3 | . . . 1 . . . . . 1 . . . . 1 . . . . . . . . . . . . . . . Haulers Reinforced 4 | . . . . 1 . . . . 2 . . . . . . . . . . 1 . . . . . . . . . Active Scanning Responses . | . . . . . . . . . . . . . . . . . . . . . . . . . . . . . . Cargo Convoy Interrupts . | . . . . . . . . . . . . . . . . . . . . . . . . . . . . . . Stealth | -11 -10 -10 -8 -7 -7 -7 -7 -6 -6 -6 -6 -6 -5 -5 -5 -5 -4 -4 -4 -4 -4 -4 -4 -3 -3 -3 -3 -2 -1 --------- Run | Yrd Mat Sub Mat Fac Low Low Zio Pro Fac Low Low Dat Pro Fac Upp War Pro Fac Was Fac Upp Upp Zhi Pro Res Qua Sec Res Acc Distress Signals 41 | . 2 . 7 2 . . . . 2 . . . . 3 . 3 . . . . . . . . 3 1 2 13 3 Communications Jammed 193 | . . . . . . . . . 14 . . . . 9 . . . . . . . . . 2 55 7 32 16 58 Distress Signals 171 | . . . . . . . . . 13 . . . . 9 . . . . . . . . . . 54 7 14 16 58 Times Spotted 898 | . 8 31 66 39 23 15 . 14 71 4 8 . 20 77 6 51 11 . 6 21 4 12 . 4 37 30 58 30 252 Peak Tracking Total 24 | . 3 3 7 4 9 4 . 4 6 2 3 . 4 5 4 13 4 . 3 6 3 7 . 2 10 7 12 6 24 Tactical Retreats 117 | . 1 3 11 8 2 1 . 3 10 1 1 . 2 15 1 2 . . . . 3 3 . . 7 6 11 1 25 ECM-based Alert Blocks 116 | . 1 . 12 9 1 . . . 16 . . . . 18 . . . . . . 5 9 . . 3 16 14 . 12 Traps | -11 -10 -10 -8 -7 -7 -7 -7 -6 -6 -6 -6 -6 -5 -5 -5 -5 -4 -4 -4 -4 -4 -4 -4 -3 -3 -3 -3 -2 -1 ------- Run | Yrd Mat Sub Mat Fac Low Low Zio Pro Fac Low Low Dat Pro Fac Upp War Pro Fac Was Fac Upp Upp Zhi Pro Res Qua Sec Res Acc Traps Triggered 20 | . 1 3 3 . . . . . 4 . . . . 4 . . . 1 . . . . . . 1 1 . . 2 Indirectly 1 | . . . . . . . . . . . . . . . . . . . . . . . . . . . . . 1 Trap Hack Attempts . | . . . . . . . . . . . . . . . . . . . . . . . . . . . . . . Triggered . | . . . . . . . . . . . . . . . . . . . . . . . . . . . . . . Disarmed . | . . . . . . . . . . . . . . . . . . . . . . . . . . . . . . Reprogrammed . | . . . . . . . . . . . . . . . . . . . . . . . . . . . . . . Reused 1 | . . 1 . . . . . . . . . . . . . . . . . . . . . . . . . . . Traps Extracted . | . . . . . . . . . . . . . . . . . . . . . . . . . . . . . . Installed 1 | . . 1 . . . . . . . . . . . . . . . . . . . . . . . . . . . Triggered . | . . . . . . . . . . . . . . . . . . . . . . . . . . . . . . Most Traps Carried 1 | . . 1 . . . . . . . . . . . . . . . . . . . . . . . . . . . Machines | -11 -10 -10 -8 -7 -7 -7 -7 -6 -6 -6 -6 -6 -5 -5 -5 -5 -4 -4 -4 -4 -4 -4 -4 -3 -3 -3 -3 -2 -1 ---------- Run | Yrd Mat Sub Mat Fac Low Low Zio Pro Fac Low Low Dat Pro Fac Upp War Pro Fac Was Fac Upp Upp Zhi Pro Res Qua Sec Res Acc Machines Disabled 30 | . . 1 2 4 . 1 . 1 1 . . . 2 . . . . . . 1 . 1 . . 2 4 6 . 4 Max in Single Turn 2 | . . 1 1 2 . 1 . 1 1 . . . 1 . . . . . . 1 . 1 . . 1 1 1 . 1 Garrison Access 7 | . . . . . . . . . 1 . . . . 1 . . . . . . . . . . 2 . . 2 1 Energy Cycler 1 | . . . . . . . . . . . . . . . . . . . . . . . . . . . . . 1 Machines Repaired . | . . . . . . . . . . . . . . . . . . . . . . . . . . . . . . Machines Dismantled . | . . . . . . . . . . . . . . . . . . . . . . . . . . . . . . Machines Sabotaged . | . . . . . . . . . . . . . . . . . . . . . . . . . . . . . . Overloaded Fab Kills . | . . . . . . . . . . . . . . . . . . . . . . . . . . . . . . Hacking | -11 -10 -10 -8 -7 -7 -7 -7 -6 -6 -6 -6 -6 -5 -5 -5 -5 -4 -4 -4 -4 -4 -4 -4 -3 -3 -3 -3 -2 -1 --------- Run | Yrd Mat Sub Mat Fac Low Low Zio Pro Fac Low Low Dat Pro Fac Upp War Pro Fac Was Fac Upp Upp Zhi Pro Res Qua Sec Res Acc Machines Accessed 146 | . 8 2 10 14 . 1 . . 22 . . 3 1 26 . 3 . 1 . 3 1 . 9 . 10 13 11 1 7 Terminals 76 | . 7 . 6 8 . 1 . . 8 . . . 1 16 . . . 1 . . 1 . . . 4 10 9 . 4 Fabricators 18 | . . . . 3 . . . . 5 . . . . 5 . . . . . 2 . . . . 2 . . . 1 Repair Stations 14 | . 1 . 2 3 . . . . 3 . . . . 1 . . . . . . . . . . 1 2 1 . . Recycling Units 2 | . . . . . . . . . . . . . . 1 . . . . . . . . . . 1 . . . . Scanalyzers 7 | . . . 2 . . . . . 2 . . . . 1 . . . . . . . . . . . 1 1 . . Garrison Access 12 | . . . . . . . . . 4 . . . . 2 . . . . . 1 . . . . 2 . . 1 2 Total Hacks 432 | . 28 5 43 33 . 3 . . 67 . . 28 4 75 . 12 . 1 . 7 1 . 47 . 13 27 26 1 11 Successful 295 | . 18 5 30 14 . 3 . . 39 . . 28 4 47 . 12 . . . 4 1 . 47 . 7 17 16 1 2 Failed 136 | . 10 . 13 19 . . . . 28 . . . . 27 . . . 1 . 3 . . . . 6 10 10 . 9 Catastrophic 28 | . 1 . 2 7 . . . . 6 . . . . 4 . . . 1 . 1 . . . . 1 1 . . 4 Database Lockouts 1 | . . . . . . . . . . . . . . 1 . . . . . . . . . . . . . . . Manual 72 | . 14 . 8 10 . . . . 3 . . . . 19 . 1 . . . . . . . . 4 7 6 . . Terminals 197 | . 25 . 22 23 . 3 . . 22 . . . 4 43 . . . 1 . . 1 . . . 5 22 20 . 6 Fabricators 38 | . . . . 5 . . . . 12 . . . . 11 . . . . . 6 . . . . 2 . . . 2 Repair Stations 40 | . 3 . 8 5 . . . . 14 . . . . 2 . . . . . . . . . . 2 4 2 . . Recycling Units 4 | . . . . . . . . . . . . . . 2 . . . . . . . . . . 2 . . . . Scanalyzers 44 | . . . 13 . . . . . 11 . . . . 15 . . . . . . . . . . . 1 4 . . Garrison Access 17 | . . . . . . . . . 8 . . . . 2 . . . . . 1 . . . . 2 . . 1 3 Terminal Hacks 174 | . 10 5 7 9 . 3 . . 8 . . 28 4 15 . 12 . . . . 1 . 47 . 2 13 9 . 1 Record 64 | . . 4 1 . . 3 . . . . . 6 4 . . 4 . . . . 1 . 36 . . 5 . . . Part Schematic 20 | . 1 . . 2 . . . . . . . 13 . 1 . . . . . . . . 3 . . . . . . Robot Schematic 6 | . . . . . . . . . . . . 6 . . . . . . . . . . . . . . . . . Robot Analysis 5 | . 1 . . . . . . . . . . . . . . . . . . . . . 4 . . . . . . Prototype ID Bank 15 | . . . . . . . . . 1 . . 3 . . . 7 . . . . . . 4 . . . . . . Open Door 6 | . . . . . . . . . 1 . . . . . . 1 . . . . . . . . . . 4 . . Level Access Points 4 | . . . . 1 . . . . . . . . . 1 . . . . . . . . . . . . 1 . 1 Branch Access Points 4 | . . . 1 . . . . . . . . . . 1 . . . . . . . . . . 1 1 . . . Machine Index 1 | . . . . . . . . . . . . . . . . . . . . . . . . . . . 1 . . Terminal Index 5 | . . . 1 1 . . . . . . . . . 1 . . . . . . . . . . . 1 1 . . Repair Station Index 1 | . . . . . . . . . . . . . . . . . . . . . . . . . . 1 . . . Alert Level 6 | . 1 . . 1 . . . . 2 . . . . 1 . . . . . . . . . . . 1 . . . Unreport Threat 5 | . . . . 2 . . . . . . . . . 2 . . . . . . . . . . . 1 . . . Locate Traps 9 | . 2 . 1 . . . . . 2 . . . . 2 . . . . . . . . . . 1 1 . . . Dispatch Records 1 | . . . 1 . . . . . . . . . . . . . . . . . . . . . . . . . . Maintenance Status 1 | . . . . 1 . . . . . . . . . . . . . . . . . . . . . . . . . Patrol Status 4 | . 1 . . . . . . . . . . . . 3 . . . . . . . . . . . . . . . Recall Extermination 1 | . . . . . . . . . . . . . . 1 . . . . . . . . . . . . . . . Hauler Manifests 1 | . . . 1 . . . . . . . . . . . . . . . . . . . . . . . . . . Registered Components 5 | . 1 . . . . . . . 1 . . . . 1 . . . . . . . . . . . 1 1 . . Zone Layout 9 | . 3 . 1 1 . . . . 1 . . . . 1 . . . . . . . . . . . 1 1 . . Proto ID Catalog 1 | . . 1 . . . . . . . . . . . . . . . . . . . . . . . . . . . Fabricator Hacks 23 | . . . . 1 . . . . 9 . . . . 8 . . . . . 4 . . . . 1 . . . . Network Status 2 | . . . . . . . . . . . . . . 1 . . . . . 1 . . . . . . . . . Load Schematic 13 | . . . . 1 . . . . 5 . . . . 4 . . . . . 2 . . . . 1 . . . . Build 8 | . . . . . . . . . 4 . . . . 3 . . . . . 1 . . . . . . . . . Repair Station Hacks 27 | . 2 . 7 2 . . . . 10 . . . . 2 . . . . . . . . . . . 2 2 . . Scan Component 13 | . 1 . 3 1 . . . . 4 . . . . 1 . . . . . . . . . . . 2 1 . . Repair 11 | . 1 . 3 1 . . . . 4 . . . . 1 . . . . . . . . . . . . 1 . . Refit 3 | . . . 1 . . . . . 2 . . . . . . . . . . . . . . . . . . . . Recycling Unit Hacks 1 | . . . . . . . . . . . . . . . . . . . . . . . . . 1 . . . . Retrieve Components 1 | . . . . . . . . . . . . . . . . . . . . . . . . . 1 . . . . Scanalyzer 40 | . . . 12 . . . . . 9 . . . . 14 . . . . . . . . . . . 1 4 . . Insert Component 16 | . . . 5 . . . . . 3 . . . . 6 . . . . . . . . . . . . 2 . . Analyze 17 | . . . 6 . . . . . 3 . . . . 7 . . . . . . . . . . . . 1 . . Retrieve Study 7 | . . . 1 . . . . . 3 . . . . 1 . . . . . . . . . . . 1 1 . . Garrison Access Hacks 6 | . . . . . . . . . 1 . . . . 1 . . . . . . . . . . 2 . . 1 1 Seal Access 6 | . . . . . . . . . 1 . . . . 1 . . . . . . . . . . 2 . . 1 1 Unauthorized Hacks 24 | . 6 . 4 2 . . . . 2 . . . . 7 . . . . . . . . . . 1 1 1 . . Terminals 23 | . 6 . 4 2 . . . . 2 . . . . 6 . . . . . . . . . . 1 1 1 . . Track 14 | . 4 . 2 2 . . . . 1 . . . . 3 . . . . . . . . . . 1 . 1 . . Assimilate 3 | . . . . . . . . . . . . . . 2 . . . . . . . . . . . 1 . . . Disrupt 1 | . . . 1 . . . . . . . . . . . . . . . . . . . . . . . . . . Operators 5 | . 2 . 1 . . . . . 1 . . . . 1 . . . . . . . . . . . . . . . Fabricators . | . . . . . . . . . . . . . . . . . . . . . . . . . . . . . . Repair Stations . | . . . . . . . . . . . . . . . . . . . . . . . . . . . . . . Recycling Units 1 | . . . . . . . . . . . . . . 1 . . . . . . . . . . . . . . . Recyclers 1 | . . . . . . . . . . . . . . 1 . . . . . . . . . . . . . . . Scanalyzers . | . . . . . . . . . . . . . . . . . . . . . . . . . . . . . . Garrison Access . | . . . . . . . . . . . . . . . . . . . . . . . . . . . . . . Data Cores Recovered 1 | . . . . . . . . . . . . . . . . . . . . . . . . . . 1 . . . Used . | . . . . . . . . . . . . . . . . . . . . . . . . . . . . . . Hacking Detections 108 | . 8 . 6 14 . 1 . . 19 . . . . 25 . . . 1 . 3 . . . . 7 10 8 . 6 Full Trace Events 15 | . . . . 2 . 1 . . 5 . . . . 3 . . . . . 2 . . . . . 1 1 . . Feedback Events . | . . . . . . . . . . . . . . . . . . . . . . . . . . . . . . Feedback Blocked . | . . . . . . . . . . . . . . . . . . . . . . . . . . . . . . Robot Schematics Acquired 9 | . . . . . . . 3 . . . . 6 . . . . . . . . . . . . . . . . . Robots Built . | . . . . . . . . . . . . . . . . . . . . . . . . . . . . . . Authchips . | . . . . . . . . . . . . . . . . . . . . . . . . . . . . . . Time . | . . . . . . . . . . . . . . . . . . . . . . . . . . . . . . Total Robot Build Rating . | . . . . . . . . . . . . . . . . . . . . . . . . . . . . . . Part Schematics Acquired 48 | . 1 . 3 2 . . 16 . 3 . . 13 . 6 . . . . . . . . 3 . . . 1 . . Parts Built 11 | . . . . . . . . . 4 . . . . 5 . . . . . 2 . . . . . . . . . Authchips . | . . . . . . . . . . . . . . . . . . . . . . . . . . . . . . Time 712 | . . . . . . . . . 363 . . . . 221 . . . . . 128 . . . . . . . . . Total Part Build Rating 59 | . . . . . . . . . 21 . . . . 22 . . . . . 16 . . . . . . . . . Part Studies Acquired 7 | . . . 1 . . . . . 3 . . . . 1 . . . . . . . . . . . 1 1 . . Parts Repaired 11 | . 1 . 3 1 . . . . 4 . . . . 1 . . . . . . . . . . . . 1 . . Time 379 | . 26 . 90 19 . . . . 183 . . . . 25 . . . . . . . . . . . . 36 . . Parts Recycled . | . . . . . . . . . . . . . . . . . . . . . . . . . . . . . . Recycled Matter . | . . . . . . . . . . . . . . . . . . . . . . . . . . . . . . Retrieved Matter . | . . . . . . . . . . . . . . . . . . . . . . . . . . . . . . Retrieved Components 10 | . . . . . . . . . . . . . . . . . . . . . . . . . 10 . . . . Parts Scanalyzed 13 | . . . 4 . . . . . 3 . . . . 5 . . . . . . . . . . . . 1 . . Part Schematics Acquired 12 | . . . 3 . . . . . 3 . . . . 5 . . . . . . . . . . . . 1 . . Parts Damaged 2 | . . . 1 . . . . . 1 . . . . . . . . . . . . . . . . . . . . Bothacking | -11 -10 -10 -8 -7 -7 -7 -7 -6 -6 -6 -6 -6 -5 -5 -5 -5 -4 -4 -4 -4 -4 -4 -4 -3 -3 -3 -3 -2 -1 ------------ Run | Yrd Mat Sub Mat Fac Low Low Zio Pro Fac Low Low Dat Pro Fac Upp War Pro Fac Was Fac Upp Upp Zhi Pro Res Qua Sec Res Acc Used RIF Installer . | . . . . . . . . . . . . . . . . . . . . . . . . . . . . . . Robots Hacked . | . . . . . . . . . . . . . . . . . . . . . . . . . . . . . . Non-combat . | . . . . . . . . . . . . . . . . . . . . . . . . . . . . . . Combat . | . . . . . . . . . . . . . . . . . . . . . . . . . . . . . . Robot Hacks Applied . | . . . . . . . . . . . . . . . . . . . . . . . . . . . . . . Relay Couplers Released 7 | . . . . . . . . . . . . . . . . . . . . . . . . . . . . 3 4 Machine Destruction 3 | . . . . . . . . . . . . . . . . . . . . . . . . . . . . 3 . Programmers 4 | . . . . . . . . . . . . . . . . . . . . . . . . . . . . . 4 Fabnet Peak Effective % . | . . . . . . . . . . . . . . . . . . . . . . . . . . . . . . Robots Rewired 6 | . . . . . 2 . . . . . . . . . . . . . . . . 4 . . . . . . . Allies Hacked 1 | . . . . . . . . . . . . . . . . . . . . 1 . . . . . . . . . Hacks Repelled . | . . . . . . . . . . . . . . . . . . . . . . . . . . . . . . Allies | -11 -10 -10 -8 -7 -7 -7 -7 -6 -6 -6 -6 -6 -5 -5 -5 -5 -4 -4 -4 -4 -4 -4 -4 -3 -3 -3 -3 -2 -1 -------- Run | Yrd Mat Sub Mat Fac Low Low Zio Pro Fac Low Low Dat Pro Fac Upp War Pro Fac Was Fac Upp Upp Zhi Pro Res Qua Sec Res Acc Total Allies 32 | . . . . . 2 . 5 . . . 1 . 1 1 . . . . 18 . . 4 . . . . . . . Largest Group 18 | . . . . . 2 1 5 5 . . 1 . 1 1 . . . . 18 16 1 4 4 4 . . . . . Highest-Rated Group 638 | . . . . . 62 32 158 158 . . 85 . 96 26 . . . . 638 538 20 191 191 191 . . . . . Highest-Rated Ally 96 | . . . . . 32 32 51 51 . . 85 . 96 26 . . . . 50 46 20 48 48 48 . . . . . Total Orders . | . . . . . . . . . . . . . . . . . . . . . . . . . . . . . . Ally Attacks 217 | . . . . . 7 8 . 17 . . . . 7 . . . . . . 166 . . . 12 . . . . . Total Damage 4824 | . . . . . 374 274 . 213 . . . . 276 . . . . . . 3401 . . . 286 . . . . . Kills 36 | . . . . . 1 5 . 1 . . . . 3 . . . . . . 24 . . . 2 . . . . . Allies Corrupted . | . . . . . . . . . . . . . . . . . . . . . . . . . . . . . . Allies Melted 1 | . . . . . . . . . . . . . . . . 1 . . . . . . . . . . . . . Intel | -11 -10 -10 -8 -7 -7 -7 -7 -6 -6 -6 -6 -6 -5 -5 -5 -5 -4 -4 -4 -4 -4 -4 -4 -3 -3 -3 -3 -2 -1 ------- Run | Yrd Mat Sub Mat Fac Low Low Zio Pro Fac Low Low Dat Pro Fac Upp War Pro Fac Was Fac Upp Upp Zhi Pro Res Qua Sec Res Acc Active Infowar (turns) 36068 | 13 928 2069 2113 1776 797 1042 1344 887 2982 742 1195 3 631 3814 1110 1243 794 190 465 527 1238 1017 293 518 1847 1119 1427 1217 2727 Optics 3617 | . . . . . . . . . . . . . . . . . . . . . . . . . . . 804 1217 1596 Sensors 6228 | . . . . 1364 771 989 1344 870 484 . . . . . . . . . . . . . . . . . . . 406 IFF 16668 | . . . . . . . . . 1820 628 894 3 451 3410 1082 652 742 190 465 427 1174 749 79 497 1436 632 . . 1337 Terrain 1 | . . . . . . . . . . . . . . . . . . . . . . . . . . 1 . . . Structural 5804 | . . 1257 1489 468 . . . . 319 17 119 . . 1129 8 . . . . . . . . . 433 69 . . 496 Seismic 4249 | 13 896 1789 1451 100 . . . . . . . . . . . . . . . . . . . . . . . . . Decoding 6080 | . . . . . . . . . . . . . . . . 847 794 190 465 527 1238 1017 293 518 191 . . . . T.N.C. 1375 | . . . . . . . . . . . . . . . . . . . . . . . . . . . . 1176 199 Machine Analysis 1151 | . . . 789 362 . . . . . . . . . . . . . . . . . . . . . . . . . Triangulation 147 | . . . . . . . . . 147 . . . . . . . . . . . . . . . . . . . . Jamming 9271 | . . . . . . 53 . 17 469 97 182 . 180 936 . . . . . . . 383 293 518 1614 1091 821 697 1920 ECM 3391 | . 32 . 767 359 48 . . . 412 . . . . 213 20 . . . . . 447 118 . . 233 151 405 . 186 Robot Analysis Total 5 | . 1 . . . . . . . . . . . . . . . . . . . . . 4 . . . . . . Derelict Logs Recovered 16 | . . 2 . . 3 2 . 2 . 2 1 . 1 . . . 1 . . . 1 1 . . . . . . . Drone Launches . | . . . . . . . . . . . . . . . . . . . . . . . . . . . . . . Drone Recoveries . | . . . . . . . . . . . . . . . . . . . . . . . . . . . . . . Decoded 0b10 Intel 38 | . . . . . . . . . . . . . . . . . . 5 11 16 . . . . 6 . . . . Traps 5 | . . . . . . . . . . . . . . . . . . 2 . 2 . . . . 1 . . . . Emergency Access 1 | . . . . . . . . . . . . . . . . . . . . 1 . . . . . . . . . Items 25 | . . . . . . . . . . . . . . . . . . 3 10 9 . . . . 3 . . . . Machines 3 | . . . . . . . . . . . . . . . . . . . . 3 . . . . . . . . . Patrols 2 | . . . . . . . . . . . . . . . . . . . . . . . . . 2 . . . . Guards 1 | . . . . . . . . . . . . . . . . . . . . 1 . . . . . . . . . Exits 1 | . . . . . . . . . . . . . . . . . . . 1 . . . . . . . . . . Exploration | -11 -10 -10 -8 -7 -7 -7 -7 -6 -6 -6 -6 -6 -5 -5 -5 -5 -4 -4 -4 -4 -4 -4 -4 -3 -3 -3 -3 -2 -1 ------------- Run | Yrd Mat Sub Mat Fac Low Low Zio Pro Fac Low Low Dat Pro Fac Upp War Pro Fac Was Fac Upp Upp Zhi Pro Res Qua Sec Res Acc Turns Passed 42172 | 88 954 3974 2145 2107 1450 1045 1349 887 3525 742 1305 117 773 4300 1182 1319 794 190 465 527 1238 1017 293 518 1909 1232 1663 1217 3847 Spaces Moved 26449 | 42 626 3079 1251 1279 953 774 993 610 1887 517 676 99 545 2281 843 875 668 145 350 325 734 658 234 394 1065 807 1197 938 1604 Core 36 | . . . . . . . . . . . . . . . . . . . . . . . . . . . . . 36 Treads . | . . . . . . . . . . . . . . . . . . . . . . . . . . . . . . Legs 21581 | 42 385 . . 1103 953 774 993 610 1802 517 676 99 545 2281 843 875 668 145 350 325 734 658 234 394 1065 807 1197 938 1568 Wheels 4832 | . 241 3079 1251 176 . . . . 85 . . . . . . . . . . . . . . . . . . . . Hover . | . . . . . . . . . . . . . . . . . . . . . . . . . . . . . . Flight . | . . . . . . . . . . . . . . . . . . . . . . . . . . . . . . Fastest Speed 50 | 120 90 90 90 101 130 127 127 127 115 115 115 115 115 115 117 105 105 105 105 105 106 106 106 106 106 90 98 96 50 Average Speed 114 | 120 113 99 100 126 130 127 129 129 124 115 115 115 115 122 117 110 105 109 105 126 106 113 106 106 109 108 100 105 129 Slowest Speed 270 | 120 120 105 150 200 130 200 130 130 270 115 185 115 116 187 117 117 105 179 105 179 106 180 106 106 212 232 102 116 232 Overloaded Moves 198 | . . . . . . . . . . . . . . . . . . . . . . . . . 3 11 . . 184 Propulsion Burnouts . | . . . . . . . . . . . . . . . . . . . . . . . . . . . . . . Robots Hopped . | . . . . . . . . . . . . . . . . . . . . . . . . . . . . . . Potential Cave-ins 14 | . . . . . . . . . . . . . . 5 . 3 . . . . . . . . 2 . 4 . . Cave-ins Triggered . | . . . . . . . . . . . . . . . . . . . . . . . . . . . . . . Exploration Rate (%) 64 | 3 91 94 81 34 90 94 87 65 56 74 66 74 67 67 90 87 77 4 94 10 80 68 62 64 26 73 73 46 52 Regions Visited 29 Branch Regions 18 Pre-discovered Areas 12 | . . 2 . . . 1 2 . . 1 . 1 . . . . . . . . 1 1 3 . . . . . . Known Exits Taken 8 | . . . . . . . . 1 1 . . . . 1 . . 1 . . 1 1 . . . 1 . 1 . . Unknown Exits Taken 19 | 1 1 1 1 1 1 1 1 . . 1 1 1 1 . 1 1 . . . . . 1 1 1 . 1 . 1 . Scrap Searched 54 | . . 18 . . 3 3 5 1 . 9 3 . 1 . 2 . 3 . . . 4 . . 2 . . . . . Spaces Dug 214 | . 5 2 6 14 . 1 . 3 34 1 . . 3 49 6 1 1 3 . 3 15 14 . 2 27 12 . . 12 Terrain Destroyed 1138 | . 10 40 115 62 80 10 . 6 191 1 . . 9 94 44 2 71 5 137 3 56 29 . 14 38 14 . . 107 Melee 158 | . . . 6 14 . 1 . 3 34 1 . . 3 40 3 1 1 1 . 3 7 1 . 1 22 4 . . 12 Projectile 128 | . 10 9 5 . 1 . . . . . . . . 19 6 1 1 4 . . 14 28 . 4 16 10 . . . AOE 852 | . . 31 104 48 79 9 . 3 157 . . . 6 35 35 . 69 . 137 . 35 . . 9 . . . . 95 Terrain Rammed . | . . . . . . . . . . . . . . . . . . . . . . . . . . . . . . Walls Destroyed . | . . . . . . . . . . . . . . . . . . . . . . . . . . . . . . Machines Disabled . | . . . . . . . . . . . . . . . . . . . . . . . . . . . . . . Actions | -11 -10 -10 -8 -7 -7 -7 -7 -6 -6 -6 -6 -6 -5 -5 -5 -5 -4 -4 -4 -4 -4 -4 -4 -3 -3 -3 -3 -2 -1 --------- Run | Yrd Mat Sub Mat Fac Low Low Zio Pro Fac Low Low Dat Pro Fac Upp War Pro Fac Was Fac Upp Upp Zhi Pro Res Qua Sec Res Acc Total 35382 | 58 796 3727 1917 1633 1088 816 1054 670 2851 653 1176 102 647 3505 994 1226 725 173 416 421 1141 869 269 478 1596 1083 1516 1116 2666 Wait 5405 | 4 88 364 406 156 27 17 42 15 654 127 467 . 47 841 102 259 21 5 25 36 358 136 16 69 303 106 154 73 487 Move 26422 | 41 625 3078 1250 1278 952 773 992 609 1886 516 675 98 544 2281 842 874 667 145 349 324 733 657 233 393 1064 806 1196 937 1604 Hop . | . . . . . . . . . . . . . . . . . . . . . . . . . . . . . . Pick Up 253 | 1 16 18 28 19 10 2 3 3 27 . . 1 4 32 2 9 . 2 4 4 . 1 1 . 9 11 8 16 22 Fast Attach 249 | 1 4 15 26 13 4 . 2 . 22 1 2 . . 14 1 26 . 2 2 9 3 1 4 1 11 25 20 10 30 Attach 167 | . . 5 15 8 5 2 1 1 15 . . 2 9 18 2 2 1 5 1 2 . . 1 . 11 14 3 7 37 Detach 116 | . 3 8 16 5 . . . . 3 . . . 4 6 2 5 . 3 . 3 . . . . 10 18 10 8 12 Swap 615 | 1 11 26 29 47 18 7 5 8 59 4 16 . 8 88 12 14 11 3 3 14 11 15 3 5 50 14 23 11 99 Drop 366 | . 15 38 16 27 9 1 5 3 26 . 2 1 5 33 3 34 . 3 5 16 3 2 5 1 19 28 11 20 35 Fire 550 | 10 34 154 72 4 18 10 . 23 26 . . . 5 28 10 1 11 4 22 . 23 28 . 5 22 12 2 . 26 Melee 1149 | . . . 59 76 35 4 4 8 126 5 14 . 21 158 18 2 14 1 5 13 10 13 6 4 88 47 87 34 297 Ram . | . . . . . . . . . . . . . . . . . . . . . . . . . . . . . . Kick 30 | . . . . . . . . . 2 . . . . 1 . . . . . . . . . . 9 2 2 . 14 Crush . | . . . . . . . . . . . . . . . . . . . . . . . . . . . . . . Escape Stasis 13 | . . . . . . . . . 5 . . . . 5 . . . . . . . . . . . . . . 3 Rewire 26 | . . . . . 10 . . . . . . . . . . . . . . . . 16 . . . . . . . Trap 1 | . . 1 . . . . . . . . . . . . . . . . . . . . . . . . . . . Miscellaneous 20 | . . 20 . . . . . . . . . . . . . . . . . . . . . . . . . . . Route ------- -11/Scrapyard -10/Materials (discovered 6 exits: [*Mat x3] / [*Min x2] / *Sub) -10/Subcaves (discovered 3 exits: *Mat x2 / [*Rec]) -8/Materials (discovered 3 exits: *Fac x3) -7/Factory (discovered 5 exits: *Fac x4 / [*Low]) -7/Lower Caves (discovered 2 exits: *Low / *Zio) -7/Lower Caves (discovered 2 exits: *Fac / *Zio) -7/Zion -6/Proximity Caves -6/Factory (discovered 7 exits: *Fac x3 / *Low x2 / *Ext x2) -6/Lower Caves -6/Lower Caves (discovered 2 exits: *Fac / *Dat) -6/Data Miner -5/Proximity Caves -5/Factory (discovered 6 exits: *Fac x4 / *Upp x2) -5/Upper Caves (discovered 2 exits: [*Upp] / *War) -5/Warlord -4/Proximity Caves -4/Factory -4/Waste -4/Factory -4/Upper Caves -4/Upper Caves -4/Zhirov -3/Proximity Caves -3/Research (discovered 3 exits: Arm / *Qua x2) -3/Quarantine (discovered 3 exits: *Res / *Sec / [*Frg]) -3/Section 7 -2/Research -1/Access History --------- Turn | Location | Event 18 | -11/Scrapyard | Discovered new exit (range 3) 89 | -11/Scrapyard | Entered Materials 300 | -10/Materials | Build established: Mutant 302 | -10/Materials | Discovered new exit (range 7) 398 | -10/Materials | Discovered new exit (range 11) 524 | -10/Materials | Discovered new exit (range 15) 602 | -10/Materials | Discovered new exit (range 15) 789 | -10/Materials | Derelicts attacked the area 803 | -10/Materials | Discovered new exit (range 10) 874 | -10/Materials | Repaired Seismic Detector 922 | -10/Materials | Discovered new exit (range 6) 1043 | -10/Materials | Entered Subcaves 1044 | -10/Subcaves | Approached by a straggling Scientist 1092 | -10/Subcaves | A swath of the cavern ceiling suddenly collapsed 1201 | -10/Subcaves | Ambushed by Subdweller buried in earth 1331 | -10/Subcaves | Disturbed a concealed Subdweller 1411 | -10/Subcaves | Learned location of Zion (-7) 1661 | -10/Subcaves | Discovered new exit (range 14) 1675 | -10/Subcaves | Shifting Twisted Machinery released Sub. Machine Gun 1806 | -10/Subcaves | Core integrity fell below 50% 1923 | -10/Subcaves | Visited Clippyterm 1926 | -10/Subcaves | Learned Factory trap positions 2125 | -10/Subcaves | Visited 4L-MR0's lab 2209 | -10/Subcaves | Ambushed by angry Subdweller bent on revenge 2412 | -10/Subcaves | Shifting Twisted Machinery released Sub. Power Source 2413 | -10/Subcaves | Discovered new exit (range 8) 2416 | -10/Subcaves | Shifting Twisted Machinery released Sub. Beam Cannon 2945 | -10/Subcaves | Discovered new exit (range 15) 3508 | -10/Subcaves | Met a Zionite searching for "candidates" 3553 | -10/Subcaves | Ambushed by Subdwellers from Twisted Machinery 3605 | -10/Subcaves | Shifting Twisted Machinery released Sub. Beam Cannon 3635 | -10/Subcaves | Shifting Twisted Machinery released Sub. Laser 3928 | -10/Subcaves | Build established: Subdweller-Mutant 4337 | -10/Subcaves | A swath of the cavern ceiling suddenly collapsed 4442 | -10/Subcaves | Build established: Mutant 4581 | -10/Subcaves | Disturbed a concealed Subdweller 4585 | -10/Subcaves | Disturbed a concealed Subdweller 4669 | -10/Subcaves | Found Arachnoskeleton 5017 | -10/Subcaves | Entered Materials 5017 | -8/Materials | Evolved 4 slots: Propulsion x1, Utility x3 5140 | -8/Materials | Repaired Arm. Wheel 5565 | -8/Materials | Build established: Infiltrator-Mutant 5656 | -8/Materials | Repaired Arm. Wheel 5807 | -8/Materials | Discovered new exit (range 16) 6577 | -8/Materials | Discovered new exit (range 8) 6623 | -8/Materials | Build established: Mutant 7019 | -8/Materials | Repaired Hcp. Storage Unit 7083 | -8/Materials | Discovered new exit (range 10) 7135 | -8/Materials | Destroyed 7 combat bots 7162 | -8/Materials | Entered Factory 7162 | -7/Factory | Evolved 2 slots: Propulsion x1, Weapon x1 7163 | -7/Factory | Loaded intel: 89 trap records 7761 | -7/Factory | Build established: Gladiator 7948 | -7/Factory | Discovered new exit (range 3) 8596 | -7/Factory | Identified exit to Factory 8696 | -7/Factory | Build established: Mutant 9009 | -7/Factory | Discovered new exit (range 7) 9211 | -7/Factory | Repaired Titanium Leg 9269 | -7/Factory | Entered Lower Caves 9269 | -7/Lower Caves | Spotted B-75 Beast 9270 | -7/Lower Caves | Build established: Gladiator 9466 | -7/Lower Caves | A Derelict revealed a hidden shortcut to a safe place 9548 | -7/Lower Caves | Learned Factory garrison access intel 9579 | -7/Lower Caves | Attracted the attention of an 0b10 checkpoint 9741 | -7/Lower Caves | Attracted the attention of an 0b10 outpost 9844 | -7/Lower Caves | Lost 3 parts (2n1w) 10418 | -7/Lower Caves | Learned location of 1 exit from Factory 10437 | -7/Lower Caves | Core integrity fell below 50% 10447 | -7/Lower Caves | Allies destroyed B-75 Beast 10472 | -7/Lower Caves | Learned Factory interactive machine intel 10655 | -7/Lower Caves | Discovered new exit (range 10) 10719 | -7/Lower Caves | Entered another Lower Caves area 10719 | -7/Lower Caves | Accompanied by 1 ally 10867 | -7/Lower Caves | Discovered exit to Factory (range 12) 11164 | -7/Lower Caves | Encountered a Warlord checkpoint 11345 | -7/Lower Caves | Attracted the attention of an 0b10 checkpoint 11492 | -7/Lower Caves | Found DCF Scrap (11 items) 11515 | -7/Lower Caves | Attracted the attention of an 0b10 base 11580 | -7/Lower Caves | Learned Extension security intel 11580 | -7/Lower Caves | Learned Armory emergency access door positions 11726 | -7/Lower Caves | Discovered new exit (range 6) 11764 | -7/Lower Caves | Entered Zion 11871 | -7/Zion | System corruption cleaned by Quarantine Array 11909 | -7/Zion | Gained Derelict followers 11938 | -7/Zion | Discovered new exit (range 12) 12114 | -7/Zion | Learned Factory fabricator intel 12184 | -7/Zion | Learned location of Warlord (-5) 12644 | -7/Zion | Acquired unknown access codes intercepted by a Zionite 12718 | -7/Zion | Met Imprinter 12947 | -7/Zion | Given A8's code to call for help 13113 | -7/Zion | Entered Proximity Caves 13113 | -6/Proximity Caves | Accompanied by 5 allies 13352 | -6/Proximity Caves | P-60 Hacker assimilated allied XK-SR7(l) 13403 | -6/Proximity Caves | Attracted the attention of an 0b10 checkpoint 13458 | -6/Proximity Caves | Lost 4 allies 13864 | -6/Proximity Caves | Learned 8 Factory zone layouts 13864 | -6/Proximity Caves | Discovered exit to Factory (range 9) 13974 | -6/Proximity Caves | Acquired the password to a Derelict Tinkerer's latest research 14000 | -6/Proximity Caves | Entered Factory 14000 | -6/Factory | Evolved 2 slots: Power x1, Utility x1 14001 | -6/Factory | Identified exit to Lower Caves 14002 | -6/Factory | Identified exit to Extension 14004 | -6/Factory | Loaded intel: 54 interactive machine locations 14005 | -6/Factory | Loaded intel: 5 fabricator locations 14006 | -6/Factory | Loaded intel: 4 garrison access locations 14209 | -6/Factory | Build established: Derelict-Gladiator 14327 | -6/Factory | System corruption reached 10% 14386 | -6/Factory | Repaired Flexi-carbon Leg 14609 | -6/Factory | Discovered new exit (range 7) 14877 | -6/Factory | Discovered exit to Lower Caves (range 14) 14989 | -6/Factory | Repaired Flexi-carbon Leg 15061 | -6/Factory | Repaired Enh. Nuclear Core 15102 | -6/Factory | Repaired Titanium Leg 15237 | -6/Factory | Discovered new exit (range 3) 15380 | -6/Factory | Spotted B-75 Beast 15420 | -6/Factory | Garrison activated, responded to threat 15580 | -6/Factory | Fabricated Imp. Hacking Suite? 15589 | -6/Factory | Lost 3 parts (1p1u1w) 15847 | -6/Factory | Build established: Gladiator 16106 | -6/Factory | Discovered new exit (range 10) 16331 | -6/Factory | Lost 3 parts (1p1u1w) 16692 | -6/Factory | Core integrity fell below 50% 16865 | -6/Factory | Watched by a mysterious "MATRIX" hacker 16983 | -6/Factory | Fabricated Enh. Nuclear Core (x1) 17004 | -6/Factory | Fabricated Adv. Shield Generator? 17500 | -6/Factory | First assault squad dispatched 17525 | -6/Factory | Entered Lower Caves 17795 | -6/Lower Caves | Learned location of 1 exit from Factory 18053 | -6/Lower Caves | Spotted B-75 Beast 18199 | -6/Lower Caves | Discovered new exit (range 12) 18200 | -6/Lower Caves | Encountered a Warlord checkpoint 18267 | -6/Lower Caves | Entered another Lower Caves area 18423 | -6/Lower Caves | Discovered new exit (range 10) 19290 | -6/Lower Caves | Spotted B-75 Beast 19435 | -6/Lower Caves | Destroyed B-75 Beast 19546 | -6/Lower Caves | Discovered new exit (range 14) 19552 | -6/Lower Caves | Learned Factory emergency access door positions 19572 | -6/Lower Caves | Entered Data Miner 19572 | -6/Data Miner | Discovered new exit (range 6) 19610 | -6/Data Miner | Met Data Miner 19629 | -6/Data Miner | Learned location of Section 7 (-3) 19629 | -6/Data Miner | Acquired the access code to Warlord's prototype stash 19647 | -6/Data Miner | Received God Mode back door access code from Data Miner 19689 | -6/Data Miner | Entered Proximity Caves 19692 | -5/Proximity Caves | Spotter reported a threat 19705 | -5/Proximity Caves | Learned location of 1 exit from Factory 19826 | -5/Proximity Caves | Found DCF Scrap (12 items) 19940 | -5/Proximity Caves | Spotted B-75 Beast 20196 | -5/Proximity Caves | Discovered new exit (range 8) 20284 | -5/Proximity Caves | Attracted the attention of an 0b10 base 20317 | -5/Proximity Caves | Escorted by Enhanced Grunt 20346 | -5/Proximity Caves | Lost 3 parts (1p1n1w) 20358 | -5/Proximity Caves | Learned Extension security intel 20358 | -5/Proximity Caves | Learned Research security intel 20358 | -5/Proximity Caves | Learned 8 Factory zone layouts 20462 | -5/Proximity Caves | Entered Factory 20462 | -5/Factory | Evolved 2 slots: Propulsion x1, Utility x1 20463 | -5/Factory | Identified exit to Upper Caves 20464 | -5/Factory | Identified exit to Factory 20702 | -5/Factory | Build established: Mutant 20759 | -5/Factory | Found Hvy. Reflective Plating 20943 | -5/Factory | Central database locked down 21148 | -5/Factory | Incoming investigation squad redirected 21184 | -5/Factory | Fabricated Adv. Hacking Suite? 21289 | -5/Factory | Discovered exit to Factory (range 7) 21829 | -5/Factory | Spotted B-75 Beast 22335 | -5/Factory | Found Prototype Launcher 22335 | -5/Factory | Identified Mni. Smartbomb Launcher 22498 | -5/Factory | Fabricated Imp. Titanium Leg? 23411 | -5/Factory | Fabricated Imp. Titanium Leg? 23916 | -5/Factory | Build established: Machinist-Mutant 24359 | -5/Factory | Repaired Imp. Heavy Armor Plating? 24597 | -5/Factory | Build established: Hacker-Mutant 24762 | -5/Factory | Entered Upper Caves 24849 | -5/Upper Caves | A Derelict revealed a hidden shortcut to "reach the base" 25058 | -5/Upper Caves | Attracted the attention of an 0b10 checkpoint 25402 | -5/Upper Caves | Discovered new exit (range 13) 25944 | -5/Upper Caves | Entered Warlord 25984 | -5/Warlord | System corruption cleaned by Quarantine Array 26164 | -5/Warlord | Met Warlord 26189 | -5/Warlord | Warlord's base attacked by MAIN.C 26285 | -5/Warlord | Found Prototype Special Weapon 26285 | -5/Warlord | Identified RU-N14's Throwing Claymores v3 26329 | -5/Warlord | Opened Warlord's prototype stash 26341 | -5/Warlord | Found Prototype Device 26341 | -5/Warlord | Identified Exp. Focal Shield 26355 | -5/Warlord | Found Prototype Device 26355 | -5/Warlord | Identified Exp. Phase Shifter 26367 | -5/Warlord | Found Prototype Processor 26367 | -5/Warlord | Identified Exp. Armor Integrity Analyzer 26385 | -5/Warlord | Found Prototype Reactor 26385 | -5/Warlord | Identified Vortex Chain Reactor 26539 | -5/Warlord | Warlord forces counterattacked 26852 | -5/Warlord | Spotted Striker 26864 | -5/Warlord | Warlord base infiltrated, sounded retreat 26978 | -5/Warlord | Spotted Striker 27005 | -5/Warlord | Spotted Executioner 27016 | -5/Warlord | Discovered new exit (range 14) 27031 | -5/Warlord | Spotted Striker 27048 | -5/Warlord | Found Prototype Device 27048 | -5/Warlord | Identified Exp. Thermal Shield 27076 | -5/Warlord | Lost 8 allies 27118 | -5/Warlord | Spotted Executioner 27162 | -5/Warlord | Lost 7 allies 27263 | -5/Warlord | Entered Proximity Caves 27264 | -4/Proximity Caves | Lost 11 allies 27288 | -4/Proximity Caves | Spotter reported a threat 27399 | -4/Proximity Caves | Learned Research non-interactive machine intel 27459 | -4/Proximity Caves | Spotter reported a threat 27512 | -4/Proximity Caves | Spotter reported a threat 27588 | -4/Proximity Caves | Spotter reported a threat 27932 | -4/Proximity Caves | Discovered exit to Factory (range 9) 28057 | -4/Proximity Caves | Entered Factory 28057 | -4/Factory | Evolved 2 slots: Utility x2 28247 | -4/Factory | Sucked down chute 28247 | -4/Factory | Entered Waste 28263 | -4/Waste | Spotted C-40 Crusher 28305 | -4/Waste | Destroyed C-40 Crusher 28319 | -4/Waste | Spotted C-40 Crusher 28323 | -4/Waste | Destroyed C-40 Crusher 28352 | -4/Waste | Spotted C-40 Crusher 28354 | -4/Waste | Spotted C-40 Crusher 28366 | -4/Waste | Build established: Scavenger-Gladiator 28369 | -4/Waste | Spotted C-40 Crusher 28383 | -4/Waste | Destroyed C-40 Crusher 28392 | -4/Waste | Destroyed C-40 Crusher 28401 | -4/Waste | Destroyed C-40 Crusher 28477 | -4/Waste | Spotted C-40 Crusher 28486 | -4/Waste | Destroyed C-40 Crusher 28547 | -4/Waste | Warlord forces began an assault 28649 | -4/Waste | Identified exit to Factory 28712 | -4/Waste | Entered Factory 28712 | -4/Factory | Accompanied by 16 allies 28733 | -4/Factory | Targeted by mysterious "MATRIX" hacker 28861 | -4/Factory | Fabricated Enh. Force Lance? 28988 | -4/Factory | Garrison activated, responded to threat 29020 | -4/Factory | Discovered new exit (range 11) 29060 | -4/Factory | Lost 8 allies 29212 | -4/Factory | First assault squad dispatched 29238 | -4/Factory | Identified exit to Upper Caves 29239 | -4/Factory | Entered Upper Caves 29239 | -4/Upper Caves | Accompanied by 1 ally 29523 | -4/Upper Caves | Build established: Scavenger-Mutant 30052 | -4/Upper Caves | Spotted B-86 Titan 30351 | -4/Upper Caves | Learned location of Armory (-3) 30459 | -4/Upper Caves | Discovered new exit (range 12) 30468 | -4/Upper Caves | Identified exit to Upper Caves 30477 | -4/Upper Caves | Entered another Upper Caves area 31020 | -4/Upper Caves | Spotted B-86 Titan 31127 | -4/Upper Caves | Attracted the attention of an 0b10 base 31250 | -4/Upper Caves | Learned location of Testing (-2) 31287 | -4/Upper Caves | Discovered new exit (range 7) 31339 | -4/Upper Caves | Attacked by a delusional Derelict stockpiling Unaware 31494 | -4/Upper Caves | Entered Zhirov 31494 | -4/Zhirov | Accompanied by 4 allies 31496 | -4/Zhirov | Discovered new exit (range 3) 31535 | -4/Zhirov | Learned location of Quarantine (-3) 31535 | -4/Zhirov | Learned location of Command (-1) 31577 | -4/Zhirov | Found Alien Artifact 31577 | -4/Zhirov | Identified Integrated Dissipator 31577 | -4/Zhirov | Installed Integrated Dissipator, increased core heat dissipation (+20) 31642 | -4/Zhirov | Build established: Scavenger-Gladiator 31787 | -4/Zhirov | Entered Proximity Caves 31787 | -3/Proximity Caves | Accompanied by 4 allies 31792 | -3/Proximity Caves | Spotter reported a threat 32013 | -3/Proximity Caves | Build established: Scavenger-Mutant 32109 | -3/Proximity Caves | Discovered new exit (range 7) 32305 | -3/Proximity Caves | Entered Research 32305 | -3/Research | Evolved 2 slots: Power x1, Propulsion x1 32307 | -3/Research | Loaded intel: 81 non-interactive machine locations 32341 | -3/Research | Identified exit to Armory 32341 | -3/Research | Identified exit to Quarantine 32852 | -3/Research | Build established: Hacker-Mutant 33773 | -3/Research | Spotted B-86 Titan 33826 | -3/Research | Spotted B-86 Titan 33852 | -3/Research | Build established: Hacker-Gladiator 34128 | -3/Research | System corruption reached 10% 34195 | -3/Research | Lost 4 parts (2n2u) 34214 | -3/Research | Entered Quarantine 34267 | -3/Quarantine | Incoming investigation squad redirected 34280 | -3/Quarantine | Found Alien Slashing Weapon 34280 | -3/Quarantine | Identified Sigix Broadsword 34375 | -3/Quarantine | Found Alien Artifact 34438 | -3/Quarantine | Found Prototype Device 34438 | -3/Quarantine | Identified Exp. Shield Generator 34661 | -3/Quarantine | Found Fusion Bomb Launcher 34866 | -3/Quarantine | Identified Subatomic Replicator 34866 | -3/Quarantine | Used Subatomic Replicator to replicate Arachnoskeleton 34870 | -3/Quarantine | Attached Arachnoskeleton, gained temporary slots: Propulsion x3 34878 | -3/Quarantine | Lost 3 parts (1n2u) 34882 | -3/Quarantine | Attached Arachnoskeleton, gained temporary slots: Propulsion x2 34922 | -3/Quarantine | Found Alien Impact Weapon 34922 | -3/Quarantine | Identified Core Stripper 35014 | -3/Quarantine | Found Alien Reactor 35014 | -3/Quarantine | Identified Matter Drive 35144 | -3/Quarantine | Discovered new exit (range 5) 35184 | -3/Quarantine | Incoming investigation squad redirected 35309 | -3/Quarantine | Spotted Fortress 35327 | -3/Quarantine | Destroyed Fortress 35336 | -3/Quarantine | Found Prototype Device 35336 | -3/Quarantine | Identified Exp. Force Field 35342 | -3/Quarantine | Found Prototype Device 35342 | -3/Quarantine | Identified Thermal Barrier 35345 | -3/Quarantine | Found Prototype Device 35345 | -3/Quarantine | Identified Exp. EM Shield 35351 | -3/Quarantine | Found Vortex Chain Reactor 35354 | -3/Quarantine | Found Prototype Protection 35354 | -3/Quarantine | Identified Centrium Heavy Armor Plating 35358 | -3/Quarantine | Found Unknown Protection 35358 | -3/Quarantine | Identified Hvy. Insulated Plating 35366 | -3/Quarantine | Found Vortex Chain Reactor 35441 | -3/Quarantine | Discovered new exit (range 6) 35441 | -3/Quarantine | Discovered new exit (range 7) 35446 | -3/Quarantine | Entered Section 7 35532 | -3/Section 7 | Identified exit to Research 35952 | -3/Section 7 | Repaired Centrium Heavy Armor Plating 35985 | -3/Section 7 | Found Alien Artifact 36181 | -3/Section 7 | Identified Core Reset Matrix 36244 | -3/Section 7 | Spotted Executioner 36260 | -3/Section 7 | Scanned by Researcher 36272 | -3/Section 7 | Spotted Executioner 36287 | -3/Section 7 | Destroyed Executioner 36298 | -3/Section 7 | Destroyed Executioner 36302 | -3/Section 7 | Found Prototype Processor 36302 | -3/Section 7 | Identified Exp. Core Analyzer 36308 | -3/Section 7 | Found Exp. Core Analyzer 36311 | -3/Section 7 | Found Exp. Core Analyzer 36315 | -3/Section 7 | Found Prototype Processor 36315 | -3/Section 7 | Identified Exp. Targeting Computer 36333 | -3/Section 7 | Intercept squad dispatched 36345 | -3/Section 7 | Spotted Tracker 36346 | -3/Section 7 | Spotted Tracker 36360 | -3/Section 7 | Destroyed Tracker 36373 | -3/Section 7 | Spotted Combat Programmer 36374 | -3/Section 7 | Spotted Combat Programmer 36376 | -3/Section 7 | System corruption reached 30% 36379 | -3/Section 7 | Destroyed Tracker 36412 | -3/Section 7 | Destroyed Combat Programmer 36502 | -3/Section 7 | Spotted Executioner 36504 | -3/Section 7 | Spotted Executioner 36539 | -3/Section 7 | Spotted B-99 Colossus 36549 | -3/Section 7 | Build established: Scavenger-Gladiator 36632 | -3/Section 7 | Found Alien Artifact 36632 | -3/Section 7 | Identified LRC Insulator 36632 | -3/Section 7 | Installed LRC Insulator, 1 resistance modified: EM +25% 36641 | -3/Section 7 | Found Alien Artifact 36641 | -3/Section 7 | Identified LRC Storage 36641 | -3/Section 7 | Installed LRC Storage, increased inventory capacity (+2) 36681 | -3/Section 7 | Found Alien Artifact 36681 | -3/Section 7 | Identified Integrated Reactor 36681 | -3/Section 7 | Installed Integrated Reactor, increased core energy generation (+10) 36683 | -3/Section 7 | Found Integrated Reactor 36683 | -3/Section 7 | Installed Integrated Reactor, increased core energy generation (+10) 36686 | -3/Section 7 | Found Integrated Reactor 36686 | -3/Section 7 | Installed Integrated Reactor, increased core energy generation (+10) 36823 | -3/Section 7 | Found Alien Artifact 36920 | -3/Section 7 | Spotted Alpha 7 36920 | -3/Section 7 | Spotted Alpha 7 37109 | -3/Section 7 | Entered Research 37109 | -2/Research | Warlord forces began assault on 0b10 37219 | -2/Research | Research machine network offline 37359 | -2/Research | Spotted B-90 Cyclops 37485 | -2/Research | Found Centrium Heavy Armor Plating 37492 | -2/Research | Met up with Warlord 37512 | -2/Research | Spotted Striker 37517 | -2/Research | Spotted Tracker 37518 | -2/Research | Spotted Tracker 37543 | -2/Research | Lost 3 allies 37547 | -2/Research | Destroyed Tracker 37554 | -2/Research | Found Exp. Phase Shifter 37572 | -2/Research | Discovered new exit (range 5) 37613 | -2/Research | Spotted Striker 37690 | -2/Research | Lost 6 allies 37691 | -2/Research | Spotted Striker 37712 | -2/Research | Spotted Striker 37713 | -2/Research | Spotted Striker 37715 | -2/Research | Spotted Striker 37715 | -2/Research | Spotted Striker 37780 | -2/Research | Lost 8 allies 37840 | -2/Research | Found Prototype Device 37840 | -2/Research | Identified Exp. Transmission Jammer 37999 | -2/Research | Found Prototype Device 37999 | -2/Research | Identified Exp. Actuator Array 38032 | -2/Research | Borebot progress halted 38160 | -2/Research | Borebot progress halted 38264 | -2/Research | Borebot progress halted 38289 | -2/Research | Spotted Tracker 38290 | -2/Research | Spotted Tracker 38299 | -2/Research | Met DD-05H 38299 | -2/Research | Warlord invited to help at Command 38299 | -2/Research | Given Cave Seal Controls access code 38324 | -2/Research | Spotted Combat Programmer 38326 | -2/Research | Entered Access 38326 | -1/Access | Evolved 2 slots: Utility x1, Weapon x1 38937 | -1/Access | Found Prototype Processor 38937 | -1/Access | Identified Spectral Analyzer 39141 | -1/Access | Garrison activated, responded to threat 39304 | -1/Access | Energy Cycler disabled 39472 | -1/Access | Intercept squad dispatched 39484 | -1/Access | Spotted Tracker 39484 | -1/Access | Spotted Tracker 39495 | -1/Access | Destroyed Tracker 39505 | -1/Access | Destroyed Tracker 39510 | -1/Access | Spotted Combat Programmer 39510 | -1/Access | Spotted Combat Programmer 39515 | -1/Access | Destroyed Combat Programmer 39535 | -1/Access | Destroyed Combat Programmer 39858 | -1/Access | Spotted B-99 Colossus 40021 | -1/Access | Found Prototype Launcher 40031 | -1/Access | Found Prototype Processor 40031 | -1/Access | Identified Exp. Armor Integrity Analyzer 40208 | -1/Access | Intercept squad dispatched 40210 | -1/Access | Spotted Tracker 40211 | -1/Access | Spotted Tracker 40239 | -1/Access | Destroyed Tracker 40250 | -1/Access | Destroyed Tracker 40274 | -1/Access | Spotted Combat Programmer 40275 | -1/Access | Spotted Combat Programmer 40296 | -1/Access | Destroyed Combat Programmer 40326 | -1/Access | First assault squad dispatched 40364 | -1/Access | Destroyed 11 combat bots 40387 | -1/Access | Found Exp. Phase Shifter 40405 | -1/Access | Destroyed Combat Programmer 40526 | -1/Access | Identified Enh. Gamma Bomb Array 40589 | -1/Access | Spotted B-99 Colossus 40616 | -1/Access | Destroyed 10 combat bots 40838 | -1/Access | Found Gamma Bomb Array 40895 | -1/Access | Intercept squad dispatched 40916 | -1/Access | Spotted Tracker 40917 | -1/Access | Destroyed Tracker 40917 | -1/Access | Spotted Tracker 40924 | -1/Access | Destroyed Tracker 40960 | -1/Access | Spotted Combat Programmer 40961 | -1/Access | Destroyed Combat Programmer 40961 | -1/Access | Spotted Combat Programmer 40974 | -1/Access | Destroyed Combat Programmer 41708 | -1/Access | Intercept squad dispatched 41742 | -1/Access | Spotted Tracker 41746 | -1/Access | Destroyed Tracker 41746 | -1/Access | Spotted Tracker 41749 | -1/Access | Spotted Tracker 41761 | -1/Access | Destroyed Tracker 41769 | -1/Access | Destroyed Tracker 41786 | -1/Access | High security lockdown imminent 41810 | -1/Access | Spotted Combat Programmer 41823 | -1/Access | Spotted Combat Programmer 41866 | -1/Access | High security lockdown engaged 41873 | -1/Access | Destroyed 10 combat bots 41882 | -1/Access | Spotted Combat Programmer 41894 | -1/Access | Destroyed Combat Programmer 41992 | -1/Access | System corruption reached 10% 42010 | -1/Access | Destroyed 7 combat bots 42058 | -1/Access | Spotted Investigator 42059 | -1/Access | Destroyed Combat Programmer 42066 | -1/Access | Lost 3 parts (1n2u) 42092 | -1/Access | Sterilization system engaged 42130 | -1/Access | Spotted Executioner 42137 | -1/Access | Destroyed Investigator 42150 | -1/Access | Core integrity fell below 50% 42168 | -1/Access | Core integrity fell below 20% 42173 | -1/Access | Destroyed by S-43 Plague with Heavy Machine Gun Last Messages --------------- 42153_ M-36 Artificer repairs G-73 Enforcer. 42153_ M-36 Artificer repairs P-80 Master. 42154_ The unstable cave ceiling collapses. 42154_ Penetrated by Slug. 42154_ Slug penetrates Wall. 42154_ Dropped Enh. Force Lance+. 42154_ Penetrated by Slug. 42154_ Slug penetrates Wall. 42155_ M-36 Artificer repairs P-80 Master Unknown Storage. 42157_ Slug penetrates L-61 Swordsman. 42157_ L-61 Swordsman destroyed. 42157_ Slug penetrates Door. 42160_ Slug penetrates Wall. 42161_ System corrupted: Graphene Brace rejected. 42170_ Gamma Bomb Array destroyed. 42171_ Adv. Melee Analysis Suite destroyed. 42172_ S-43 Plague suffers critical hit (Destroy). Map ----- +----------------------------------------------------+ | ????????????????????????????????????????? | | ????????????????????????????????????????? | | ????????????????????????????????????????? | | ????????????????????????????????????????? | | ????????????????????????????????????????? | | ????????????????????????????????????????? | | ????????????????????????????????????????? | | ????????????????????????????????????????? | | ????????????????????????????????????????? | | ????????????????????????????????????????? | | ????????????????????????????????????????? | | ????????????????????????????????????????? | | ????????????????????????????????????????? | | ????????????????????????????????????????? | | ????????????????????????????????????????? | | ????????????????????????????????????????? | | ????????????????????????????????????????? | | ????????????????????????????????????????? | | ????????????##?##############???????????? | | ????????????? ?# +???????????? | | ????????????? # #???????????? | | ?????????????? # #???????????? | | ???????????????/g g s #???????????? | | ???????????????#g ! s #???????????? | | ???????????????# #???????????? | | ???????????????#@ s #???????????? | | ???????????????# l s ss s s#######?????? | | ???????????????# s/ ?????? | | ???????????????# s ###?????????? | | ???????????????# s #???????????? | | ???????????????# #???????????? | | ???????????????#######+######???????????? | | ?????????????????????# #????????????????? | | ?????????????????????# #????????????????? | | ?????????????????????# #????????????????? | | ?????????????????????# #????????????????? | | ????????????????????## ##???????????????? | | ????????????????????# #???????????????? | | ????????# ##### #???????????????? | | ????????# #???????????????? | | ????????# ##+##### #???????????????? | | ????????????????????# #???????????????? | | ????????????????????# #???????????????? | | ????????????????????# #???????????????? | | ????????????????????# ! #???????????????? | | ????????????????????# #???????????????? | | ????????????????????# #???????????????? | | ????????????????????# #???####????????? | | ????????????????????# #?? ???????? | | ????????????????????# #?? ????????? | +----------------------------------------------------+ Best States ------------- Heat Dissipation 72 Coolant Potential 80 Energy Generation 103 Energy Capacity 880 Matter Stores 300 Matter Capacity 300 Sight Range 24 Robot Scan Range 16 Terrain Scan Density 110 ECM Strength 2 Jamming Range 22 Power Amplification 40 Additional Mass Support 16 EM Shielding 4 Armor Coverage 800 Resistance: KI 30 Resistance: TH 50 Resistance: EM 100 Utility Shielding 66 Point Defense Rating 240 Melee Speed Boost 20 Phase Shifting 20 Evasion (%) 104 Melee Accuracy 16 Core Analysis 8 Armor Integrity Analysis 50 Recoil Reduction 6 Offensive Hacking 54 Defensive Hacking 12 Item Schematics ----------------- Hcp. Storage Unit | -10/Materials | Hacked Mak. Axe | -8/Materials | Scanalyzed ECM Suite | -8/Materials | Scanalyzed Enh. Nuclear Core | -8/Materials | Scanalyzed Imp. Titanium Leg | -7/Factory | Hacked Adv. Shield Generator | -7/Factory | Hacked Arm. Huge Wheel | -7/Zion | Archive Imp. Hardlight Generator | -7/Zion | Archive Imp. Melee Analysis Suite | -7/Zion | Archive Jamming Amplifier | -7/Zion | Archive Recalibrator | -7/Zion | Archive Imp. Hacking Suite | -7/Zion | Archive Imp. Carbon-fiber Leg | -7/Zion | Archive Adv. Drone Bay | -7/Zion | Archive Lrn. Tractor Beam | -7/Zion | Archive Coolant Injector | -7/Zion | Archive IFF Parser | -7/Zion | Archive Transmission Jammer | -7/Zion | Archive Imp. Core Shielding | -7/Zion | Archive Adv. Sensor Array | -7/Zion | Archive Hvy. Rocket Launcher | -7/Zion | Archive Imp. KE Penetrator | -7/Zion | Archive Imp. Heavy Armor Plating | -6/Factory | Scanalyzed Imp. Transmission Jammer | -6/Factory | Scanalyzed Imp. Force Field | -6/Factory | Scanalyzed Combat Drone Bay | -6/Data Miner | Free Lgt. Regenerative Plating | -6/Data Miner | Free Enh. Flexi-carbon Leg | -6/Data Miner | Free Exp. Heat Sink | -6/Data Miner | Free Ionic Axe | -6/Data Miner | Free Hvy. Siege Treads | -6/Data Miner | Free Imp. System Guard | -6/Data Miner | Free Adv. Datajack | -6/Data Miner | Free Hvy. Phase Cannon | -6/Data Miner | Free Hvy. Disruptor Cannon | -6/Data Miner | Free Imp. Armor Integrity Analyzer | -6/Data Miner | Free Antigrav Array | -6/Data Miner | Free Adv. Remote Force Field | -6/Data Miner | Free Imp. Utility Shielding | -5/Factory | Scanalyzed Adv. ECM Suite | -5/Factory | Scanalyzed Microactuators | -5/Factory | Scanalyzed Adv. Hacking Suite | -5/Factory | Scanalyzed Prc. Grenade Launcher | -5/Factory | Scanalyzed Enh. Force Lance | -5/Factory | Hacked Assault Drone Bay | -4/Zhirov | Free Exp. Optical Array | -4/Zhirov | Free Imp. Arc Thrower | -4/Zhirov | Free Enh. Multireflex Exoskeleton | -3/Section 7 | Scanalyzed Robot Schematics ------------------ B-36 Bruiser | -7/Zion | Archive G-47 Trooper | -7/Zion | Archive B-48 Gladiator | -7/Zion | Archive G-50 Soldier | -6/Data Miner | Free P-60 Hacker | -6/Data Miner | Free L-41 Fighter | -6/Data Miner | Free L-61 Swordsman | -6/Data Miner | Free C-35 Carver | -6/Data Miner | Free A-27 Freighter | -6/Data Miner | Free Fabricated ------------ Imp. Hacking Suite | x1 | -6/Factory Enh. Nuclear Core | x1 | -6/Factory Adv. Shield Generator | x2 | -6/Factory Adv. Hacking Suite | x1 | -5/Factory Imp. Titanium Leg | x2 | -5/Factory Imp. Titanium Leg | x2 | -5/Factory Enh. Force Lance | x2 | -4/Factory Repaired ---------- Seismic Detector | 75% | -10/Materials Arm. Wheel | 24% | -8/Materials Arm. Wheel | 34% | -8/Materials Hcp. Storage Unit | 89% | -8/Materials Titanium Leg | 37% | -7/Factory Flexi-carbon Leg | 31% | -6/Factory Flexi-carbon Leg | 50% | -6/Factory Enh. Nuclear Core | 45% | -6/Factory Titanium Leg | 46% | -6/Factory Imp. Heavy Armor Plating | 5% | -5/Factory Centrium Heavy Armor Plating | 47% | -3/Section 7 Studied --------- Flail | -8/Materials | Hacked Titanium Leg | -6/Factory | Hacked Chainsword | -6/Factory | Hacked Imp. Titanium Leg | -6/Factory | Hacked Fission Core | -5/Factory | Hacked Enh. Force Lance | -3/Quarantine | Hacked Imp. Thunder Leg | -3/Section 7 | Hacked Alien Tech Used ----------------- Integrated Dissipator Sigix Broadsword Subatomic Replicator Core Stripper Matter Drive LRC Insulator LRC Storage Integrated Reactor Achievements -------------- Coming In Hot Doshington Fitting Room Incoming! Infodabbler Martial Artist Metal Spider Mistaken Identity Partsplosion Physics Protects Superinsulated Tailor-made Welcome To The Revolution Challenges ------------ None Game ------ Seed LaserTitaniumAutocannon Manual? 0 Play Time 12:53:59 Cumulative 284.2 hours Start 2026.08.13 @ 22:33:05 End 2026.08.17 @ 03:07:37 Sessions 4 Manual Loads 0 Difficulty Rogue Special Mode None Game No. 74 Rogue 74 Adventurer 0 Explorer 0 Win Type - Total 10 Types 5/0/2/0/1/1/0/1/0/0 Lore% 66 Gallery% 72 Achievement% 56 Wizard Run 0 Options --------- Layout 2 ASCII 0 Keyboard 1 Movement Vi Keybinds 0 Fullscreen 1 Font 24/Smallcaps Map View 50x44 Zoom Use 0% Tactical HUD 1 Map Filters NONE Filters NONE Steam 1 RUN: 49cc4d4f-e8b7-40f2-aa73-22c77e439290